Workbook
Name ATS: ATS!$1:$1048576
Name PEL: PEL!$A$2:$F$315

Sheet Planning 
B3: Compagnie à Auditer | C3: Spécialité | D3: Domaine | E3: Catégorie | F3: Nom des taches | G3: Code de tache | H3: Lieu | I3: Date début | J3: Date Fin | K3: Nbre de jrs | L3: Equipe d'Auditers | M3: N° Checklist d’audit | N3: Alerte
B4: Compagnie 1 | C4: Une liste déroulante qui permet de selectionner une feuille de spécialité Exp: OPS | D4: Domaine N1 | E4: Catégorie 1.1 | F4: Tache 1.1.1 | G4: Code de la tache | N4: Code couleur avertissant à l'approche de la réalisation de la tache 90 jours vers 60 Jours Jaune 30 Jours Rouge
F5: Tache 1.1.2
F6: Tache 1.1.3
F7: Tache 1.1.n
E8: Catégorie 1.2 | F8: Tache 1.2.1
F9: Tache 1.2.2
F10: Tache 1.2.3
F11: Tache 1.2.4
F12: Tache 1.2.n
E13: Catégorie 1.3
E15: Catégorie 1.4
D16: Domaine N2 | E16: Catégorie 2.1
E17: Catégorie 2.2
E18: Catégorie 2.5
D19: Domaine N…..

Sheet Feuil3

Sheet Données
B3: Compagnie à Auditer | D3: Nom des Auditeurs | F3: Spécialité | H3: Checklist
B4: Compagnie 1 | D4: Auditeur 1 | F4: OPS | H4: Checklist 1
B5: Compagnie 2 | D5: Auditeur 2 | F5: AIR | H5: Checklist 2
B6: Compagnie 3 | D6: Auditeur 3 | F6: PEL | H6: Checklist 3
B7: Compagnie 4 | D7: Auditeur 4 | F7: AGA | H7: Checklist 4
B8: Compagnie 5 | D8: Auditeur 5 | F8: MET | H8: Checklist 5
B9: Compagnie 6 | D9: Auditeur 6 | F9: ATS | H9: Checklist 6
B10: Compagnie 7 | D10: Auditeur 7 | F10: ANT | H10: Checklist 7
B11: Compagnie 8 | D11: Auditeur 8 | F11: AIS | H11: Checklist 8
B12: Compagnie 9 | D12: Auditeur 9 | H12: Checklist 9
B13: Compagnie 10 | D13: Auditeur 10 | H13: Checklist 10
B14: Compagnie 11 | D14: Auditeur 11 | H14: Checklist 11
B15: Compagnie 12 | D15: Auditeur 12 | H15: Checklist 12
B16: Compagnie 13 | D16: Auditeur 13 | H16: Checklist 13
B17: Compagnie 14 | D17: Auditeur 14 | H17: Checklist 14
B18: Compagnie 15 | D18: Auditeur 15 | H18: Checklist 15
B19: Compagnie 16 | D19: Auditeur 16 | H19: Checklist 16
B20: Compagnie 17 | D20: Auditeur 17 | H20: Checklist 17
B21: Compagnie 18 | D21: Auditeur 18 | H21: Checklist 18
B22: Compagnie 19 | D22: Auditeur 19 | H22: Checklist 19
B23: Compagnie 20 | D23: Auditeur 20 | H23: Checklist 20
D24: Auditeur 21 | H24: Checklist 21
D25: Auditeur 22 | H25: Checklist 22
D26: Auditeur 23 | H26: Checklist 23
D27: Auditeur 24 | H27: Checklist 24
D28: Auditeur 25 | H28: Checklist 25
D29: Auditeur 26 | H29: Checklist 26
D30: Auditeur 27 | H30: Checklist 27
D31: Auditeur 28 | H31: Checklist 28
D32: Auditeur 29 | H32: Checklist 29
D33: Auditeur 30 | H33: Checklist 30

Sheet OPS
A1: Operations (OPS)
A2: SN | B2: Domain | C2: Category | D2: Course Number | E2: Job Task Name | F2: Job Task #
A3: 1 | B3: Indoctrination OPS | C3: New Employee Orientation - OPS | D3: 1001 | E3: Employee Benefits | F3: 1.001 | G3: Avantages sociaux
A4: 2 | D4: 1001 | E4: Time and Attendance | F4: 1.002 | G4: Temps et présence
A5: 3 | D5: 1001 | E5: Employee Training and Development | F5: 1.003 | G5: Formation et perfectionnement des employés
A6: 4 | D6: 1001 | E6: Office Communications | F6: 1.004 | G6: Communications de bureau
A7: 5 | D7: 1001 | E7: Computer Systems | F7: 1.005 | G7: Systèmes informatiques
A8: 6 | D8: 1001 | E8: Managing Resources | F8: 1.006 | G8: Gestion des ressources
A9: 7 | D9: 1001 | E9: Employee Ethics | F9: 1.007 | G9: Ethique des employés
A10: 8 | D10: 1001 | E10: Labor Unions | F10: 1.008 | G10: Syndicats
A11: 9 | D11: 1001 | E11: Conduct and Discipline | F11: 1.009 | G11: Conduite et discipline
A12: 10 | D12: 1001 | E12: Travel | F12: 1.010 | G12: Voyage
A13: 11 | D13: 1001 | E13: Security | F13: 1.011 | G13: Sécurité
A14: 12 | D14: 1001 | E14: Legal and Regulatory Documents, Inspector Manuals and Guidance Materials. | F14: 1.012 | G14: Documents juridiques et réglementaires, manuels de l'inspecteur et documents d'orientation.
A15: 13 | D15: 1001 | E15: Aviation Environment | F15: 1.013 | G15: Environnement aéronautique
A16: 14 | B16: Certification OPS | C16: Air Operator Certification - Operations | D16: 2001 | E16: Cert Phase I: Pre Application Phase - (Gate I) | F16: 2.001 | G16: Cert Phase I: Phase préalable à la demande - (Porte I)
A17: 15 | D17: 2003 | E17: Cert Phase II: Formal Application Phase - (Gate I) | F17: 2.002 | G17: Cert Phase II: Phase d'application formelle - (Porte I)
A18: 16 | D18: 2003 | E18: Cert Phase III: Document Compliance Phase | F18: 2.003 | G18: Cert Phase III: Phase de conformité du document
A19: 17 | D19: 2003 | E19: Cert Phase IV: Demonstration and Inspection Phase (Gate III) | F19: 2.004 | G19: Cert Phase IV: Phase de démonstration et d'inspection (Porte III)
A20: 18 | D20: 2003 | E20: Cert Phase V: Certification Phase | F20: 2.005 | G20: Cert Phase V: Phase de certification
A21: 19 | D21: 2003 | E21: Conduct Certification of an Agriculture Aircraft Operator | F21: 2.006 | G21: Certification de conduite d'un exploitant d'aéronef agricole
A22: 20 | D22: 2003 | E22: Conduct Administrative Activities for an Air Carrier Operator Applicant | F22: 2.007 | G22: Mener des activités administratives pour un candidat exploitant de transporteur aérien
A23: 21 | D23: 2003 | E23: Evaluate a Compliance Statement | F23: 2.008 | G23: Évaluer une déclaration de conformité
A24: 22 | D24: 2003 | E24: Evaluate a General Operations Manual | F24: 2.009 | G24: Évaluer un manuel d'exploitation général
A25: 23 | D25: 2001 | E25: Approve a Flight Crew Training Program [OPS] | F25: 2.010 | G25: Approuver un programme de formation d'équipage de conduite [OPS]
A26: 24 | D26: 2003 | E26: Add an Aircraft to an Existing Air Carrier Operating Certificate | F26: 2.011 | G26: Ajouter un aéronef à un certificat d'exploitation de transporteur aérien existant
A27: 25 | D27: 2001 | E27: Approve an Aircraft Checklist | F27: 2.013 | G27: Approuver une liste de contrôle de l'aéronef
A28: 26 | D28: 2001 | E28: Approve an Exit Row Seating Program [OPS] | F28: 2.014 | G28: Approuver un programme de places assises en sortie [OPS]
... A76: 74 | D76: 2003 | E76: Conduct a Validation Test | F76: 2.063 | G76: Effectuer un test de validation
A77: 75 | B77: Surveillance OPS | C77: Air Operator Surveillance - Operations | D77: 3003 | E77: Plan a Surveillance Work Program | F77: 3.001 | G77: Planifier un programme de travail de surveillance
A78: 76 | D78: 3003 | E78: Conduct an Ultralight Ramp Inspection | F78: 3.002 | G78: Effectuer une inspection de la rampe ultra-légère
A79: 77 | D79: 3003 | E79: Conduct an Airplane Ramp Inspection | F79: 3.003 | G79: Effectuer une inspection de la rampe de l'avion
A80: 78 | D80: 3003 | E80: Conduct a Cabin En-route Inspection | F80: 3.004 | G80: Effectuer une inspection de cabine en cabine
A81: 79 | D81: 3003 | E81: Conduct a Cockpit En-route Inspection | F81: 3.005 | G81: Effectuer une inspection en route du poste de pilotage
A82: 80 | D82: 3001 | E82: Inspect a Line Station Operation and Facilities [OPS] | F82: 3.006 | G82: Inspecter le fonctionnement et les installations d'un poste en ligne [OPS]
A83: 81 | D83: 3001 | E83: Inspect Trip Records [OPS] | F83: 3.007 | G83: Inspecter les enregistrements de voyage [OPS]
A84: 82 | D84: 3001 | E84: Inspect Crew and Dispatch Records [OPS] | F84: 3.008 | G84: Inspecter les dossiers d’équipage et de répartition [OPS]
A85: 83 | D85: 3001 | E85: Inspect a Check Airman [OPS] | F85: 3.009 | G85: Inspecter un aviateur-vérificateur [OPS]
A86: 84 | D86: 3001 | E86: Inspect a Main Operation Base [OPS] | F86: 3.010 | G86: Inspecter une base d'opération principale [OPS]
A87: 85 | D87: 3003 | E87: Inspect During Bankruptcy, Strike, or Merger | F87: 3.011 | G87: Inspecter pendant une faillite, une grève ou une fusion
A88: 86 | D88: 3003 | E88: Inspect a Deicing Program | F88: 3.012 | G88: Inspecter un programme de dégivrage
A89: 87 | D89: 3001 | E89: Inspect a General Operations Manual [OPS] | F89: 3.013 | G89: Inspecter un manuel d'exploitation générale [OPS]
... A108: 106 | D108: 3003 | E108: Conduct a Ramp Inspection of Foreign Registered Aircraft [AIR] | F108: 3.033 | G108: Effectuer une inspection au sol d'un aéronef immatriculé à l'étranger [AIR]
A109: 107 | B109: Personnel Licence OPS | C109: Personnel Licensing Procedures - Operations | D109: 4001 | E109: Issue a Student Pilot Certificate [OPS] | F109: 4.001 | G109: Délivrer un certificat de pilote d'élève [OPS]
A110: 108 | D110: 4001 | E110: Certificate a Private Pilot (Ground Portion Only) [OPS] | F110: 4.002 | G110: Certificat d'un pilote privé (portion terrestre uniquement) [OPS]
A111: 109 | D111: 4001 | E111: Certificate a Commercial Pilot [OPS] | F111: 4.003 | G111: Certificat de pilote professionnel [OPS]
A112: 110 | D112: 4001 | E112: Certificate an Instrument Rating Pilot [OPS] | F112: 4.004 | G112: Certificat de pilote aux qualifications de vol aux instruments [OPS]
A113: 111 | D113: 4001 | E113: Certificate a Airline Transport Pilot [OPS] | F113: 4.005 | G113: Certificat de pilote de transport aérien [OPS]
A114: 112 | D114: 4001 | E114: Certificate a Flight Instructor [OPS] | F114: 4.006 | G114: Certificat d'un instructeur de vol [OPS]
A115: 113 | D115: 4001 | E115: Renew a Flight Instructor Certificate (No Flight Check) [OPS] | F115: 4.007 | G115: Renouveler un certificat d'instructeur de vol (pas de vérification en vol) [OPS]
A116: 114 | D116: 4001 | E116: Issue Additional Aircraft Ratings [OPS] | F116: 4.008 | G116: Émettre des qualifications d'aéronef supplémentaires [OPS]
A117: 115 | D117: 4001 | E117: Certificate a Ground Instructor [OPS] | F117: 4.009 | G117: Certificat d'un instructeur au sol [OPS]
A118: 116 | D118: 4001 | E118: Certificate a Flight Engineer [OPS] | F118: 4.010 | G118: Certificat d'ingénieur de vol [OPS]
A119: 117 | D119: 4001 | E119: Certificate an Aircraft Dispatcher [OPS] | F119: 4.011 | G119: Certificat de régulateur de vol [OPS]
A120: 118 | D120: 4001 | E120: Issue a Replacement Pilot Certificate [OPS] | F120: 4.012 | G120: Délivrer un certificat de pilote de remplacement [OPS]
A121: 119 | D121: 4001 | E121: Issue a Pilot Certificate Base on Military Competence [OPS] | F121: 4.013 | G121: Délivrer une base de certificat de pilote sur la compétence militaire [OPS]
... A127: 125 | D127: 4001 | E127: Conduct Written Test for Personnel Licensing | F127: 4.019 | G127: Effectuer un test écrit pour les licences du personnel
A128: 126 | C128: Designated Examiner Procedures - Operations | D128: 4201 | E128: Designate or Renew a Pilot Examiner [OPS] | F128: 4.201 | G128: Désigner ou renouveler un pilote examinateur [OPS]
A129: 127 | D129: 4201 | E129: Designate or Renew a Flight Engineer Examiner [OPS] | F129: 4.202 | G129: Désigner ou renouveler un examinateur mécanicien navigant [OPS]
A130: 128 | D130: 4201 | E130: Designate or Renew an Aircraft Dispatcher Examiner [OPS] | F130: 4.203 | G130: Désigner ou renouveler un examinateur de régulateur d'aéronef [OPS]
A131: 129 | D131: 4201 | E131: Inspect a Designate Pilot Examiner [OPS] | F131: 4.204 | G131: Inspecter un pilote examinateur désigné [OPS]
A132: 130 | D132: 4201 | E132: Inspect a Pilot Examiner Training Course [OPS] | F132: 4.205 | G132: Inspecter un cours de formation de pilote examinateur [OPS]
A133: 131 | D133: 4201 | E133: Inspect a Flight Engineer Examiner [OPS] | F133: 4.206 | G133: Inspecter un examinateur mécanicien navigant [OPS]
A134: 132 | D134: 4201 | E134: Inspect a Dispatcher Examiner [OPS] | F134: 4.207 | G134: Inspecter un répartiteur examinateur [OPS]
A135: 133 | D135: 4201 | E135: Inspect a Training Center Designated Examiner [OPS] | F135: 4.208 | G135: Inspecter un examinateur désigné du centre de formation [OPS]
A136: 134 | C136: Aviation Training Organizations - Operations | D136: 4501 | E136: Inspect Training Center Records [OPS] | F136: 4.501 | G136: Inspecter les archives du centre de formation [OPS]
A137: 135 | D137: 4501 | E137: Inspected a Training Center Designated Examiner [OPS] | F137: 4.502 | G137: Inspecter un examinateur désigné du centre de formation [OPS]
A138: 136 | D138: 4501 | E138: Designate or Inspect a Training Center Evaluate [OPS] | F138: 4.503 | G138: Désigner ou inspecter un centre de formation évaluer [OPS]
A139: 137 | D139: 4501 | E139: Conduct a Knowledge Test, Practical Test Stage Check or End-of-course Test to Students of a Training Center [OPS] | F139: 4.504 | G139: Effectuer un test de connaissances, une vérification d’étape de test pratique ou un test de fin de cours auprès des étudiants d’un centre de formation [OPS]
A140: 138 | D140: 4501 | E140: Inspect Student Records at a Training Center [OPS] | F140: 4.505 | G140: Inspecter les dossiers des élèves dans un centre de formation [OPS]
A141: 139 | D141: 4501 | E141: Inspect a Certified Flight Instructor Refresher Course [OPS] | F141: 4.506 | G141: Inspecter un cours de recyclage d'instructeur de vol certifié [OPS]
A142: 140 | D142: 4501 | E142: Inspect Training Center Simulator or Flight Training Device [OPS] | F142: 4.507 | G142: Inspecter le simulateur du centre de formation ou le dispositif de formation au pilotage [OPS]
A143: 141 | D143: 4501 | E143: Inspect a Computer Training Center | F143: 4.508 | G143: Inspecter un centre de formation en informatique
A144: 142 | D144: 4501 | E144: Evaluate Training Center Safety Procedures [OPS] | F144: 4.509 | G144: Évaluer les procédures de sécurité du centre de formation [OPS]
A145: 143 | D145: 4501 | E145: Designate a Chief Flight Instructor for a Training Center [OPS] | F145: 4.510 | G145: Désigner un instructeur de vol en chef pour un centre de formation [OPS]
A146: 144 | D146: 4501 | E146: Evaluate Airports used by Pilot Schools [OPS] | F146: 4.511 | G146: Évaluer les aéroports utilisés par les écoles pilotes [OPS]
A147: 145 | D147: 4501 | E147: Approve a Training Centers Minimum Equipment List (MEL) [OPS] | F147: 4.512 | G147: Approuver une liste d'équipement minimal des centres de formation (MEL) [OPS]
A148: 146 | D148: 4501 | E148: Withdrawal, Suspension, Revocation, Denial, or Amendment of Training Center Training Specifications [OPS] | F148: 4.513 | G148: Retrait, suspension, révocation, refus, ou modification des spécifications de formation du centre de formation [OPS]
... A155: 153 | D155: 4501 | E155: Conduct Training Center Aircraft Ramp Inspection | F155: 4.520 | G155: Inspecter la rampe d’aéronef du centre de formation
A156: 154 | C156: Flight Testing Procedures | D156: 4701 | E156: Conduct a Private Pilot Flight Test [OPS] | F156: 4.701 | G156: Effectuer un test en vol de pilote privé [OPS]
A157: 155 | D157: 4701 | E157: Conduct a Commercial Pilot Flight Test [OPS] | F157: 4.702 | G157: Effectuer un test en vol de pilote professionnel [OPS]
A158: 156 | D158: 4701 | E158: Conduct an Instrument Rating Pilot Test [OPS] | F158: 4.703 | G158: Effectuer un essai pilote de qualification aux instruments [OPS]
A159: 157 | D159: 4701 | E159: Conduct a Airline Transport Pilot Flight Test [OPS] | F159: 4.704 | G159: Effectuer un essai en vol pilote pour le transport aérien [OPS]
A160: 158 | D160: 4701 | E160: Conduct a Instructor Flight Test [OPS] | F160: 4.705 | G160: Effectuer un test en vol de l'instructeur [OPS]
A161: 159 | D161: 4701 | E161: Conduct Flight Test fro Additional Aircraft Rating [OPS] | F161: 4.706 | G161: Effectuer un test en vol pour une qualification d'aéronef supplémentaire [OPS]
A162: 160 | D162: 4701 | E162: Conduct a Flight Engineer Flight Test [OPS] | F162: 4.707 | G162: Effectuer un test en vol d’ingénieur en vol [OPS]
A163: 161 | D163: 4701 | E163: Conduct a VFR Pilot Competency Check for Air Operator [OPS] | F163: 4.708 | G163: Effectuer une vérification de compétence pilote VFR pour un exploitant aérien [OPS]
A164: 162 | D164: 4701 | E164: Conduct a IFR Pilot Proficiency Check for Air Operator [OPS] | F164: 4.709 | G164: Effectuer un contrôle de compétence pilote IFR pour l'exploitant aérien [OPS]
A165: 163 | D165: 4701 | E165: Conduct a Line Check Inspection for Air Operator [OPS] | F165: 4.710 | G165: Effectuer une inspection en ligne pour l'exploitant aérien [OPS]
A166: 164 | D166: 4701 | E166: Approve a Check Airman For Air Operator [OPS] | F166: 4.711 | G166: Approuver un contrôle aérien pour l'exploitant aérien [OPS]
A167: 165 | D167: 4701 | E167: Conduct a Pilot Proficiency Check for Business Aircraft [OPS] | F167: 4.712 | G167: Effectuer un contrôle de compétence pilote pour les avions d’affaires [OPS]
A168: 166 | D168: 4701 | E168: Conduct a Pilot Instrument Proficiency Check [OPS] | F168: 4.713 | G168: Effectuer un contrôle de compétence instrument pilote [OPS]
... A178: 176 | D178: 4701 | E178: Conduct a Rotor Craft Pilot and Proficiency Check [OPS] | F178: 4.723 | G178: Effectuer un test de pilotage et une vérification de compétence [OPS]
A179: 177 | B179: Investigation OPS | C179: Compliance & Enforcement (or Resolution of Safety Concerns) - Operations | D179: 5001 | E179: Conduct an Enforcement investigation | F179: 5.001 | G179: Mener une enquête d'exécution
A180: 178 | D180: 5001 | E180: Investigate Non-Compliance in accordance with Self-Disclosure | F180: 5.002 | G180: Enquêter sur la non-conformité conformément à l'auto-divulgation
A181: 179 | D181: 5001 | E181: Provide Technical Assistance to Legal Council | F181: 5.003 | G181: Fournir une assistance technique au conseil juridique
A182: 180 | D182: 5001 | E182: Investigate a Complaint | F182: 5.004 | G182: Enquêter sur une plainte
A183: 181 | D183: 5001 | E183: Investigate a Noise Complaint or Damage Caused by a Civil Aircraft | F183: 5.005 | G183: Enquêter sur une plainte relative au bruit ou à un dommage causé par un aéronef civil
A184: 182 | D184: 5001 | E184: Withdrawal, Suspension, Revocation, Denial, or Amendment of Operation Specification | F184: 5.006 | G184: Retrait, suspension, révocation, refus, ou modification d'une spécification d'exploitation
A185: 183 | D185: 5001 | E185: Investigate Reports of Reckless Flying [OPS] | F185: 5.007 | G185: Enquêter sur les rapports de vols imprudents [OPS]
...

Sheet AIR
A1: Airworthiness (AIR)
A2: =OPS!A2 -> SN | B2: =OPS!B2 -> Domain | C2: =OPS!C2 -> Category | D2: =OPS!D2 -> Course Number | E2: =OPS!E2 -> Job Task Name | F2: =OPS!F2 -> Job Task # | G2: Specialité - Domaine - Catégorie
A3: 1 | B3: Indoctrination AIR | C3: New Employee Orientation - AIR | D3: 1001 | E3: Employee Benefits | F3: 1.001 | G3: Avantages sociaux
A4: 2 | D4: 1001 | E4: Time and Attendance | F4: 1.002 | G4: Temps et présence
A5: 3 | D5: 1001 | E5: Employee Training and Development | F5: 1.003 | G5: Formation et perfectionnement des employés
A6: 4 | D6: 1001 | E6: Office Communications | F6: 1.004 | G6: Communications de bureau
A7: 5 | D7: 1001 | E7: Computer Systems | F7: 1.005 | G7: Systèmes informatiques
A8: 6 | D8: 1001 | E8: Managing Resources | F8: 1.006 | G8: Gestion des ressources
A9: 7 | D9: 1001 | E9: Employee Ethics | F9: 1.007 | G9: Ethique des employés
A10: 8 | D10: 1001 | E10: Labor Unions | F10: 1.008 | G10: Syndicats
A11: 9 | D11: 1001 | E11: Conduct and Discipline | F11: 1.009 | G11: Conduite et discipline
A12: 10 | D12: 1001 | E12: Travel | F12: 1.010 | G12: Voyage
A13: 11 | D13: 1001 | E13: Security | F13: 1.011 | G13: Sécurité
A14: 12 | D14: 1001 | E14: Legal and Regulatory Documents, Inspector Manuals and Guidance Materials. | F14: 1.012 | G14: Documents juridiques et réglementaires, manuels de l'inspecteur et documents d'orientation.
A15: 13 | D15: 1001 | E15: Aviation Environment | F15: 1.013 | G15: Environnement aéronautique
A16: 14 | B16: Certification AIR | C16: Air Operator Certification - Airworthiness | D16: 2003 | E16: Cert Phase I: Pre Application Phase - (Gate I) | F16: 2.001 | G16: Cert Phase I: Phase préalable à la demande - (Porte I)
A17: 15 | D17: 2003 | E17: Cert Phase II: Formal Application Phase - (Gate I) | F17: 2.002 | G17: Cert Phase II: Phase d'application formelle - (Porte I)
A18: 16 | D18: 2003 | E18: Cert Phase III: Document Compliance Phase | F18: 2.003 | G18: Cert Phase III: Phase de conformité du document
A19: 17 | D19: 2003 | E19: Cert Phase IV: Demonstration and Inspection Phase (Gate III) | F19: 2.004 | G19: Cert Phase IV: Phase de démonstration et d'inspection (Porte III)
A20: 18 | D20: 2003 | E20: Cert Phase V: Certification Phase | F20: 2.005 | G20: Cert Phase V: Phase de certification
A21: 19 | D21: 2003 | E21: Conduct Certification of an Agriculture Aircraft Operator | F21: 2.006 | G21: Certification de conduite d'un exploitant d'aéronef agricole
A22: 20 | D22: 2003 | E22: Conduct Administrative Activities for an Air Carrier Operator Applicant | F22: 2.007 | G22: Mener des activités administratives pour un candidat exploitant de transporteur aérien
A23: 21 | D23: 2003 | E23: Evaluate a Compliance Statement | F23: 2.008 | G23: Évaluer une déclaration de conformité
A24: 22 | D24: 2003 | E24: Evaluate a General Operations Manual | F24: 2.009 | G24: Évaluer un manuel d'exploitation général
A25: 23 | D25: 2003 | E25: Approve a Maintenance or Inspector Training Program [AIR] | F25: 2.010 | G25: Approuver un programme de formation d'entretien ou d'inspecteur [AIR]
A26: 24 | D26: 2003 | E26: Add an Aircraft to an Existing Air Carrier Operating Certificate | F26: 2.011 | G26: Ajouter un aéronef à un certificat d'exploitation de transporteur aérien existant
A27: 25 | D27: 2003 | E27: Conduct an Aircraft Conformity Inspection [AIR] | F27: 2.012 | G27: Effectuer une inspection de conformité d'aéronef [AIR]
A28: 26 | D28: 2003 | E28: Evaluate Control of Calibrated Tools and Equipment [AIR] | F28: 2.013 | G28: Évaluer le contrôle des outils et équipements étalonnés [AIR]
... A62: 60 | D62: 2003 | E62: Conduct a Validation Test | F62: 2.063 | G62: Effectuer un test de validation
A63: 61 | C63: Aircraft Maintenance Organizations | D63: 2303 | E63: Certificate an AMO [AIR] | F63: 2.301 | G63: Certificat d'un OMA [AIR]
A64: 62 | D64: 2303 | E64: Evaluate AMO Facilities and Equipment [AIR] | F64: 2.302 | G64: Évaluer les installations et équipements AMO [AIR]
A65: 63 | D65: 2303 | E65: Evaluate AMO inspection Procedures Manual [AIR] | F65: 2.303 | G65: Évaluer le manuel de procédures d'inspection AMO [AIR]
A66: 64 | D66: 2303 | E66: Approve an AMO Training Program [AIR] | F66: 2.304 | G66: Approuver un programme de formation AMO [AIR]
A67: 65 | D67: 2303 | E67: Inspect AMO Personnel Records [AIR] | F67: 2.305 | G67: Inspecter les dossiers du personnel AMO [AIR]
A68: 66 | D68: 2303 | E68: Approve and Altimeter Setting Source [AIR] | F68: 2.306 | G68: Source d'approbation et de réglage de l'altimètre [AIR]
A69: 67 | D69: 2303 | E69: Inspect Foreign AMO [AIR] | F69: 2.307 | G69: Inspecter un OMA étranger [AIR]
A70: 68 | D70: 2303 | E70: Inspect a Repairman [AIR] | F70: 2.308 | G70: Inspecter un réparateur [AIR]
A71: 69 | B71: Surveillance AIR | C71: Air Operator Surveillance - Airworthiness | D71: 3003 | E71: Plan a Surveillance Work Program | F71: 3.001 | G71: Planifier un programme de travail de surveillance
A72: 70 | D72: 3003 | E72: Conduct an Ultralight Ramp Inspection | F72: 3.002 | G72: Effectuer une inspection de la rampe ultra-légère
A73: 71 | D73: 3003 | E73: Conduct an Airplane Ramp Inspection | F73: 3.003 | G73: Effectuer une inspection de la rampe de l'avion
A74: 72 | D74: 3003 | E74: Conduct a Cabin En-route Inspection | F74: 3.004 | G74: Effectuer une inspection de cabine en cabine
A75: 73 | D75: 3003 | E75: Conduct a Cockpit En-route Inspection | F75: 3.005 | G75: Effectuer une inspection en route du poste de pilotage
A76: 74 | D76: 3003 | E76: Inspect an Operators Refuelling Procedures [AIR] | F76: 3.006 | G76: Inspecter les procédures de ravitaillement des opérateurs [AIR]
A77: 75 | D77: 3003 | E77: Inspect Aircraft Maintenance Records [AIR] | F77: 3.007 | G77: Inspecter les dossiers de maintenance des aéronefs [AIR]
A78: 76 | D78: 3003 | E78: Inspect Aircraft used as an Air Ambulance [AIR] | F78: 3.008 | G78: Inspecter un aéronef utilisé comme ambulance aérienne [AIR]
A79: 77 | D79: 3003 | E79: Issue an Aircraft Condition Notice [AIR] | F79: 3.009 | G79: Émettre un avis d'état d'aéronef [AIR]
A80: 78 | D80: 3003 | E80: Inspect a Maintenence Facility [AIR] | F80: 3.010 | G80: Inspecter une installation de maintenance [AIR]
A81: 79 | D81: 3003 | E81: Inspect During Bankruptcy, Strike, or Merger | F81: 3.011 | G81: Inspecter pendant une faillite, une grève ou une fusion
A82: 80 | D82: 3003 | E82: Inspect a Deicing Program | F82: 3.012 | G82: Inspecter un programme de dégivrage
A83: 81 | D83: 3003 | E83: Inspect a General Maintenance Manual [AIR] | F83: 3.013 | G83: Inspecter un manuel de maintenance générale [AIR]
... A108: 106 | D108: 3003 | E108: Inspect a Certified Parachute Rigger [AIR] | F108: 3.041 | G108: Inspecter un gréeur de parachute certifié [AIR]
A109: 107 | B109: Personnel Licence AIR | C109: Personnel Licensing Procedures - Airworthiness | D109: 4003 | E109: Conduct Written Test for Personnel Licensing | F109: 4.001 | G109: Effectuer un test écrit pour les licences du personnel
A110: 108 | D110: 4003 | E110: Certificate an Airframe or Powerplant Mechanic [AIR] | F110: 4.002 | G110: Certificat d'un mécanicien de cellule ou de centrale motrice [AIR]
A111: 109 | D111: 4003 | E111: Issue a Mechanic Certificate to a Foreign Applicant [AIR] | F111: 4.003 | G111: Délivrer un certificat de mécanicien à un candidat étranger [AIR]
A112: 110 | D112: 4003 | E112: Issue an Inspection Authorization [AIR] | F112: 4.004 | G112: Délivrer une autorisation d'inspection [AIR]
A113: 111 | D113: 4003 | E113: Certificate a Repairman [AIR] | F113: 4.005 | G113: Certificat d'un réparateur [AIR]
A114: 112 | D114: 4003 | E114: Certificate a Parachute Rigger [AIR] | F114: 4.006 | G114: Certificat d'un gréeur de parachute [AIR]
A115: 113 | D115: 4003 | E115: Conduct a Reexamination Test of a Mechanic or an Inspection Authorization [AIR] | F115: 4.007 | G115: Effectuer un test de réexamen d'un mécanicien ou une autorisation d'inspection [AIR]
A116: 114 | C116: Designated Examiner Procedures - Airworthiness | D116: 4203 | E116: Designate or Inspect a Mechanic Examiner (DME) [AIR] | F116: 4.201 | G116: Désigner ou inspecter un mécanicien examinateur (DME) [AIR]
A117: 115 | D117: 4203 | E117: Designate or Inspect an Airworthiness Representative (DAR) [AIR] | F117: 4.202 | G117: Désigner ou inspecter un représentant de navigabilité (DAR) [AIR]
A118: 116 | D118: 4203 | E118: Designate or Inspect a Parachute Rigger Examiner (DPRE) [AIR] | F118: 4.203 | G118: Désigner ou inspecter un examinateur de gréeur de parachute (DPRE) [AIR]
A119: 117 | C119: Aviation Training Organizations - Airworthiness | D119: 4503 | E119: Conduct Certification or Renewal of Training Center | F119: 4.501 | G119: Certification ou renouvellement du centre de formation
A120: 118 | D120: 4503 | E120: Inspect Personnel , Facilities and Equipment of a Training Center | F120: 4.502 | G120: Inspecter le personnel, les installations et l'équipement d'un centre de formation
A121: 119 | D121: 4503 | E121: Inspect Training Center Personnel and Qualifications | F121: 4.503 | G121: Inspecter le personnel et les qualifications du centre de formation
A122: 120 | D122: 4503 | E122: Approve a Training Center Curriculum | F122: 4.512 | G122: Approuver un programme de formation
A123: 121 | D123: 4503 | E123: Evaluate Training Center Lease or Contract | F123: 4.514 | G123: Évaluer le contrat ou le contrat de location
A124: 122 | D124: 4503 | E124: Evaluate Aircraft used by Pilot Schools | F124: 4.517 | G124: Évaluer les aéronefs utilisés par les écoles pilotes
A125: 123 | D125: 4503 | E125: Conduct Training Center Aircraft Ramp Inspection | F125: 4.518 | G125: Inspecter la rampe d’aéronef du centre de formation
A126: 124 | B126: Investigation AIR | C126: Compliance & Enforcement (or Resolution of Safety Concerns) - Airworthiness | D126: 5001 | E126: Conduct an Enforcement investigation | F126: 5.001 | G126: Mener une enquête d'exécution
A127: 125 | D127: 5001 | E127: Investigate Non-Compliance in accordance with Self-Disclosure | F127: 5.002 | G127: Enquêter sur la non-conformité conformément à l'auto-divulgation
A128: 126 | D128: 5001 | E128: Provide Technical Assistance to Legal Council | F128: 5.003 | G128: Fournir une assistance technique au conseil juridique
A129: 127 | D129: 5001 | E129: Investigate a Complaint | F129: 5.004 | G129: Enquêter sur une plainte
A130: 128 | D130: 5001 | E130: Ground an Operator's Aircraft [AIR] | F130: 5.005 | G130: Mise à la terre d'un avion d'opérateur [AIR]
A131: 129 | D131: 5001 | E131: Withdrawal, Suspension, Revocation, Denial, or Amendment of Operation Specification | F131: 5.006 | G131: Retrait, suspension, révocation, refus, ou modification d'une spécification d'exploitation
A132: 130 | C132: Aircraft Accident Investigation - Airworthiness | D132: 5501 | E132: Investigate an Aircraft Accident | F132: 5.501 | G132: Enquêter sur un accident d'avion
A133: 131 | D133: 5501 | E133: Investigate an Aircraft Incident | F133: 5.502 | G133: Enquêter sur un incident d'avion
A134: 132 | D134: 5501 | E134: Investigate an Aircraft Occurrence | F134: 5.503 | G134: Enquêter sur un événement d'avion
A135: 133 | D135: 5501 | E135: Investigate a Foreign Air Carrier Incident | F135: 5.504 | G135: Enquêter sur un incident impliquant un transporteur aérien étranger
A136: 134 | D136: 5501 | E136: Investigate a Parachute Jumping Incident [AIR] | F136: 5.505 | G136: Enquêter sur un incident de saut en parachute [AIR]
A137: 135 | B137: Job Skills AIR | C137: Aircraft Certification | D137: 6003 | E137: Issue an Airworthiness Certificate for an Aircraft [AIR] | F137: 6.001 | G137: Délivrer un certificat de navigabilité pour un aéronef [AIR]
A138: 136 | D138: 6003 | E138: Issue an Airworthiness Certificate for an Aircraft Model Change [AIR] | F138: 6.002 | G138: Délivrer un certificat de navigabilité pour un changement de modèle d'aéronef [AIR]
A139: 137 | D139: 6003 | E139: Issue Special Airworthiness Certificate [AIR] | F139: 6.003 | G139: Délivrer un certificat de navigabilité spécial [AIR]
A140: 138 | D140: 6003 | E140: Evaluate a Foreign Registered Aircraft [AIR] | F140: 6.004 | G140: Évaluer un aéronef immatriculé à l'étranger [AIR]
A141: 139 | D141: 6003 | E141: Evaluate an Emergency Evacuation or Ditching Demonstration for a New Aircraft [AIR] | F141: 6.005 | G141: Évaluation d'une démonstration d'évacuation d'urgence ou d'amerrissage forcé d'un nouvel aéronef [AIR]
A142: 140 | D142: 6003 | E142: Process a Service Difficulty Report (SDR) [AIR] | F142: 6.006 | G142: Traiter un rapport de difficultés en service (RDS) [AIR]
A143: 141 | D143: 6003 | E143: Evaluate an Operators Aircraft or Engine Utilization Report [AIR] | F143: 6.007 | G143: Évaluation du rapport d'utilisation d'aéronefs ou de moteurs d'un exploitant [AIR]
A144: 142 | D144: 6003 | E144: Evaluate an Engineering Change Authorization [AIR] | F144: 6.008 | G144: Évaluer une autorisation de modification technique [AIR]
A145: 143 | D145: 6003 | E145: Approve a Foreign Aircraft, Product or Part [AIR] | F145: 6.009 | G145: Approuver un aéronef, un produit ou une pièce étrangère [AIR]
A146: 144 | D146: 6003 | E146: Issue an Export Airworthiness Approval [AIR] | F146: 6.010 | G146: Délivrer une approbation d'exportation de navigabilité [AIR]
A147: 145 | C147: Major Repair and Alterations | D147: 6203 | E147: Approve a Major Repairs and Major Alterations [AIR] | F147: 6.201 | G147: Approuver une réparation majeure et des modifications majeures [AIR]
A148: 146 | D148: 6203 | E148: Field Approval of Major Repairs and Major Alterations [AIR] | F148: 6.202 | G148: Approbation sur le terrain des réparations majeures et des modifications majeures [AIR]
A149: 147 | D149: 6203 | E149: Process a Malfunction of Defect (M&D) Report [AIR] | F149: 6.203 | G149: Traiter un rapport d'anomalie de fonctionnement (M & D) [AIR]
A150: 148 | D150: 6203 | E150: Approve a Parachute Alteration [AIR] | F150: 6.204 | G150: Approuver une modification du parachute [AIR]
A151: 149 | C151: Dangerous Goods (Basic) | D151: 6301 | E151: Conduct Certification for DGs authorisation | F151: 6.301 | G151: Effectuer la certification pour l'autorisation des DG
A152: 150 | D152: 6301 | E152: Evaluate a Dangerous Goods Manual (DGs authorisation) | F152: 6.302 | G152: Évaluer un manuel de marchandises dangereuses (autorisation des DG)
A153: 151 | D153: 6301 | E153: Evaluate a Dangerous Goods Training Program (DGs authorization) | F153: 6.303 | G153: Évaluer un programme de formation aux marchandises dangereuses (autorisation des DG)
A154: 152 | D154: 6301 | E154: Inspect a Dangerous Goods Training Program | F154: 6.304 | G154: Inspecter un programme de formation sur les marchandises dangereuses
A155: 153 | D155: 6301 | E155: Inspect Dangerous Goods Program | F155: 6.305 | G155: Programme d'inspection des marchandises dangereuses
A156: 154 | D156: 6301 | E156: Evaluate a Dangerous Goods Exemption Request | F156: 6.306 | G156: Évaluer une demande d'exemption de marchandises dangereuses
A157: 155 | D157: 6301 | E157: Investigate a Dangerous Goods Incident/Accident | F157: 6.307 | G157: Enquêter sur un incident / accident de marchandises dangereuses
...

Sheet PEL
A1: Personnel Licensing (PEL)
A2: =OPS!A2 -> SN | B2: =OPS!B2 -> Domain | C2: =OPS!C2 -> Category | D2: =OPS!D2 -> Course Number | E2: =OPS!E2 -> Job Task Name | F2: =OPS!F2 -> Job Task #
A3: 1 | B3: Indoctrination PEL | C3: New Employee Orientation - PEL | D3: 1001 | E3: Employee Benefits | F3: 1.001 | G3: Employee Benefits
A4: 2 | D4: 1001 | E4: Time and Attendance | F4: 1.002 | G4: Time and Attendance
A5: 3 | D5: 1001 | E5: Employee Training and Development | F5: 1.003 | G5: Employee Training and Development
A6: 4 | D6: 1001 | E6: Office Communications | F6: 1.004 | G6: Office Communications
A7: 5 | D7: 1001 | E7: Computer Systems | F7: 1.005 | G7: Computer Systems
A8: 6 | D8: 1001 | E8: Managing Resources | F8: 1.006 | G8: Managing Resources
A9: 7 | D9: 1001 | E9: Employee Ethics | F9: 1.007 | G9: Employee Ethics
A10: 8 | D10: 1001 | E10: Labor Unions | F10: 1.008 | G10: Labor Unions
A11: 9 | D11: 1001 | E11: Conduct and Discipline | F11: 1.009 | G11: Conduct and Discipline
A12: 10 | D12: 1001 | E12: Travel | F12: 1.010 | G12: Travel
A13: 11 | D13: 1001 | E13: Security | F13: 1.011 | G13: Security
A14: 12 | D14: 1001 | E14: Legal and Regulatory Documents, Inspector Manuals and Guidance Materials. | F14: 1.012 | G14: Legal and Regulatory Documents, Inspector Manuals and Guidance Materials.
A15: 13 | D15: 1001 | E15: Aviation Environment | F15: 1.013 | G15: Aviation Environment
A16: 14 | B16: Certification PEL | C16: Air Operator Certification - PEL | D16: 2001 | E16: Cert Phase I: Pre Application Phase - (Gate I) | F16: 2.001 | G16: Cert Phase I: Pre Application Phase - (Gate I)
A17: 15 | D17: 2001 | E17: Cert Phase II: Formal Application Phase - (Gate I) | F17: 2.002 | G17: Cert Phase II: Formal Application Phase - (Gate I)
A18: 16 | D18: 2001 | E18: Cert Phase III: Document Compliance Phase | F18: 2.003 | G18: Cert Phase III: Document Compliance Phase
A19: 17 | D19: 2001 | E19: Cert Phase IV: Demonstration and Inspection Phase (Gate III) | F19: 2.004 | G19: Cert Phase IV: Demonstration and Inspection Phase (Gate III)
A20: 18 | D20: 2001 | E20: Cert Phase V: Certification Phase | F20: 2.005 | G20: Cert Phase V: Certification Phase
A21: 19 | D21: 2001 | E21: Conduct Certification of an Agriculture Aircraft Operator | F21: 2.006 | G21: Conduct Certification of an Agriculture Aircraft Operator
A22: 20 | D22: 2001 | E22: Conduct Administrative Activities for an Air Carrier Operator Applicant | F22: 2.007 | G22: Conduct Administrative Activities for an Air Carrier Operator Applicant
A23: 21 | D23: 2001 | E23: Evaluate a Compliance Statement | F23: 2.008 | G23: Evaluate a Compliance Statement
A24: 22 | D24: 2001 | E24: Evaluate a General Operations Manual | F24: 2.009 | G24: Evaluate a General Operations Manual
A25: 23 | D25: 2001 | E25: Approve a Flight Crew Training Program [OPS] | F25: 2.010 | G25: Approve a Flight Crew Training Program [OPS]
A26: 24 | D26: 2001 | E26: Add an Aircraft to an Existing Air Carrier Operating Certificate | F26: 2.011 | G26: Add an Aircraft to an Existing Air Carrier Operating Certificate
A27: 25 | D27: 2001 | E27: Approve an Aircraft Checklist | F27: 2.013 | G27: Approve an Aircraft Checklist
A28: 26 | D28: 2001 | E28: Approve an Exit Row Seating Program [OPS] | F28: 2.014 | G28: Approve an Exit Row Seating Program [OPS]
... A76: 74 | D76: 2001 | E76: Conduct a Validation Test | F76: 2.063 | G76: Conduct a Validation Test
A77: 75 | B77: Surveillance PEL | C77: Air Operator Surveillance - PEL | D77: 3001 | E77: Plan a Surveillance Work Program | F77: 3.001 | G77: Plan a Surveillance Work Program
A78: 76 | D78: 3001 | E78: Plan a Surveillance Work Program | F78: 3.001 | G78: Plan a Surveillance Work Program
A79: 77 | D79: 3001 | E79: Conduct an Ultralight Ramp Inspection | F79: 3.002 | G79: Conduct an Ultralight Ramp Inspection
A80: 78 | D80: 3001 | E80: Conduct an Airplane Ramp Inspection | F80: 3.003 | G80: Conduct an Airplane Ramp Inspection
A81: 79 | D81: 3001 | E81: Conduct a Cabin En-route Inspection | F81: 3.004 | G81: Conduct a Cabin En-route Inspection
A82: 80 | D82: 3001 | E82: Conduct a Cockpit En-route Inspection | F82: 3.005 | G82: Conduct a Cockpit En-route Inspection
A83: 81 | D83: 3001 | E83: Inspect a Line Station Operation and Facilities [OPS] | F83: 3.006 | G83: Inspect a Line Station Operation and Facilities [OPS]
A84: 82 | D84: 3001 | E84: Inspect Trip Records [OPS] | F84: 3.007 | G84: Inspect Trip Records [OPS]
A85: 83 | D85: 3001 | E85: Inspect Crew and Dispatch Records [OPS] | F85: 3.008 | G85: Inspect Crew and Dispatch Records [OPS]
A86: 84 | D86: 3001 | E86: Inspect a Check Airman [OPS] | F86: 3.009 | G86: Inspect a Check Airman [OPS]
A87: 85 | D87: 3001 | E87: Inspect a Main Operation Base [OPS] | F87: 3.010 | G87: Inspect a Main Operation Base [OPS]
A88: 86 | D88: 3001 | E88: Inspect During Bankruptcy, Strike, or Merger | F88: 3.011 | G88: Inspect During Bankruptcy, Strike, or Merger
A89: 87 | D89: 3001 | E89: Inspect a Deicing Program | F89: 3.012 | G89: Inspect a Deicing Program
... A109: 107 | D109: 3001 | E109: Conduct a Ramp Inspection of Foreign Registered Aircraft [AIR] | F109: 3.033 | G109: Effectuer une inspection au sol d'un aéronef immatriculé à l'étranger [AIR]
A110: 108 | B110: Personnel Licence PEL | C110: Personnel Licensing Procedures - Operations | D110: 4001 | E110: Conduct Written Test for Personnel Licensing | F110: 4.001 | G110: Effectuer un test écrit pour les licences du personnel
A111: 109 | D111: 4001 | E111: Issue a Student Pilot Certificate [OPS] | F111: 4.002 | G111: Délivrer un certificat de pilote d'élève [OPS]
A112: 110 | D112: 4001 | E112: Certificate a Private Pilot (Ground Portion Only) [OPS] | F112: 4.003 | G112: Certificat d'un pilote privé (portion terrestre uniquement) [OPS]
A113: 111 | D113: 4001 | E113: Certificate a Commercial Pilot [OPS] | F113: 4.004 | G113: Certificat de pilote professionnel [OPS]
A114: 112 | D114: 4001 | E114: Certificate an Instrument Rating Pilot [OPS] | F114: 4.005 | G114: Certificat de pilote aux qualifications de vol aux instruments [OPS]
A115: 113 | D115: 4001 | E115: Certificate a Airline Transport Pilot [OPS] | F115: 4.006 | G115: Certificat de pilote de transport aérien [OPS]
A116: 114 | D116: 4001 | E116: Certificate a Flight Instructor [OPS] | F116: 4.007 | G116: Certificat d'un instructeur de vol [OPS]
A117: 115 | D117: 4001 | E117: Renew a Flight Instructor Certificate (No Flight Check) [OPS] | F117: 4.008 | G117: Renouveler un certificat d'instructeur de vol (pas de vérification en vol) [OPS]
A118: 116 | D118: 4001 | E118: Issue Additional Aircraft Ratings [OPS] | F118: 4.009 | G118: Émettre des qualifications d'aéronef supplémentaires [OPS]
A119: 117 | D119: 4001 | E119: Certificate a Ground Instructor [OPS] | F119: 4.010 | G119: Certificat d'un instructeur au sol [OPS]
A120: 118 | D120: 4001 | E120: Certificate a Flight Engineer [OPS] | F120: 4.011 | G120: Certificat d'ingénieur de vol [OPS]
A121: 119 | D121: 4001 | E121: Certificate an Aircraft Dispatcher [OPS] | F121: 4.012 | G121: Certificat de régulateur de vol [OPS]
A122: 120 | D122: 4001 | E122: Issue a Replacement Pilot Certificate [OPS] | F122: 4.013 | G122: Délivrer un certificat de pilote de remplacement [OPS]
... A128: 126 | D128: 4001 | E128: Inspect a Flight Instructor Refresher Course [OPS] | F128: 4.019 | G128: Inspecter un cours de recyclage d'instructeur de vol [OPS]
A129: 127 | C129: Designated Examiner Procedures - Operations | D129: 4201 | E129: Designate or Renew a Pilot Examiner [OPS] | F129: 4.201 | G129: Désigner ou renouveler un pilote examinateur [OPS]
A130: 128 | D130: 4201 | E130: Designate or Renew a Flight Engineer Examiner [OPS] | F130: 4.202 | G130: Désigner ou renouveler un examinateur mécanicien navigant [OPS]
A131: 129 | D131: 4201 | E131: Designate or Renew an Aircraft Dispatcher Examiner [OPS] | F131: 4.203 | G131: Désigner ou renouveler un examinateur de régulateur d'aéronef [OPS]
A132: 130 | D132: 4201 | E132: Inspect a Designate Pilot Examiner [OPS] | F132: 4.204 | G132: Inspecter un pilote examinateur désigné [OPS]
A133: 131 | D133: 4201 | E133: Inspect a Pilot Examiner Training Course [OPS] | F133: 4.205 | G133: Inspecter un cours de formation de pilote examinateur [OPS]
A134: 132 | D134: 4201 | E134: Inspect a Flight Engineer Examiner [OPS] | F134: 4.206 | G134: Inspecter un examinateur mécanicien navigant [OPS]
A135: 133 | D135: 4201 | E135: Inspect a Dispatcher Examiner [OPS] | F135: 4.207 | G135: Inspecter un répartiteur examinateur [OPS]
A136: 134 | D136: 4201 | E136: Inspect a Training Center Designated Examiner [OPS] | F136: 4.208 | G136: Inspecter un examinateur désigné du centre de formation [OPS]
A137: 135 | C137: Aviation Training Organizations - Operations | D137: 4501 | E137: Conduct Certification or Renewal of Training Center | F137: 4.501 | G137: Certification ou renouvellement du centre de formation
A138: 136 | D138: 4501 | E138: Inspect Personnel , Facilities and Equipment of a Training Center | F138: 4.502 | G138: Inspecter le personnel, les installations et l'équipement d'un centre de formation
A139: 137 | D139: 4501 | E139: Inspect Training Center Personnel and Qualifications | F139: 4.503 | G139: Inspecter le personnel et les qualifications du centre de formation
A140: 138 | D140: 4501 | E140: Inspect Training Center Records [OPS] | F140: 4.504 | G140: Inspecter les archives du centre de formation [OPS]
A141: 139 | D141: 4501 | E141: Inspected a Training Center Designated Examiner [OPS] | F141: 4.505 | G141: Inspecter un examinateur désigné du centre de formation [OPS]
A142: 140 | D142: 4501 | E142: Designate or Inspect a Training Center Evaluate [OPS] | F142: 4.506 | G142: Désigner ou inspecter un centre de formation évaluer [OPS]
A143: 141 | D143: 4501 | E143: Conduct a Knowledge Test, Practical Test Stage Check or End-of-course Test to Students of a Training Center [OPS] | F143: 4.507 | G143: Effectuer un test de connaissances, une vérification d’étape de test pratique ou un test de fin de cours auprès des étudiants d’un centre de formation [OPS]
A144: 142 | D144: 4501 | E144: Inspect Student Records at a Training Center [OPS] | F144: 4.508 | G144: Inspecter les dossiers des élèves dans un centre de formation [OPS]
A145: 143 | D145: 4501 | E145: Inspect a Certified Flight Instructor Refresher Course [OPS] | F145: 4.509 | G145: Inspecter un cours de recyclage d'instructeur de vol certifié [OPS]
A146: 144 | D146: 4501 | E146: Inspect Training Center Simulator or Flight Training Device [OPS] | F146: 4.510 | G146: Inspecter le simulateur du centre de formation ou le dispositif de formation au pilotage [OPS]
A147: 145 | D147: 4501 | E147: Inspect a Computer Training Center | F147: 4.511 | G147: Inspecter un centre de formation en informatique
A148: 146 | D148: 4501 | E148: Approve a Training Center Curriculum | F148: 4.512 | G148: Approuver un programme de formation
A149: 147 | D149: 4501 | E149: Evaluate Training Center Safety Procedures [OPS] | F149: 4.513 | G149: Évaluer les procédures de sécurité du centre de formation [OPS]
... A156: 154 | D156: 4501 | E156: Withdrawal, Suspension, Revocation, Denial, or Amendment of Training Center Training Specifications [OPS] | F156: 4.520 | G156: Retrait, suspension, révocation, refus, ou modification des spécifications de formation du centre de formation [OPS]
A157: 155 | C157: Flight Testing Procedures | D157: 4701 | E157: Conduct a Private Pilot Flight Test [OPS] | F157: 4.701 | G157: Effectuer un test en vol de pilote privé [OPS]
A158: 156 | D158: 4701 | E158: Conduct a Commercial Pilot Flight Test [OPS] | F158: 4.702 | G158: Effectuer un test en vol de pilote professionnel [OPS]
A159: 157 | D159: 4701 | E159: Conduct an Instrument Rating Pilot Test [OPS] | F159: 4.703 | G159: Effectuer un essai pilote de qualification aux instruments [OPS]
A160: 158 | D160: 4701 | E160: Conduct a Airline Transport Pilot Flight Test [OPS] | F160: 4.704 | G160: Effectuer un essai en vol pilote pour le transport aérien [OPS]
A161: 159 | D161: 4701 | E161: Conduct a Instructor Flight Test [OPS] | F161: 4.705 | G161: Effectuer un test en vol de l'instructeur [OPS]
A162: 160 | D162: 4701 | E162: Conduct Flight Test fro Additional Aircraft Rating [OPS] | F162: 4.706 | G162: Effectuer un test en vol pour une qualification d'aéronef supplémentaire [OPS]
A163: 161 | D163: 4701 | E163: Conduct a Flight Engineer Flight Test [OPS] | F163: 4.707 | G163: Effectuer un test en vol d’ingénieur en vol [OPS]
A164: 162 | D164: 4701 | E164: Conduct a VFR Pilot Competency Check for Air Operator [OPS] | F164: 4.708 | G164: Effectuer une vérification de compétence pilote VFR pour un exploitant aérien [OPS]
A165: 163 | D165: 4701 | E165: Conduct a IFR Pilot Proficiency Check for Air Operator [OPS] | F165: 4.709 | G165: Effectuer un contrôle de compétence pilote IFR pour l'exploitant aérien [OPS]
A166: 164 | D166: 4701 | E166: Conduct a Line Check Inspection for Air Operator [OPS] | F166: 4.710 | G166: Effectuer une inspection en ligne pour l'exploitant aérien [OPS]
A167: 165 | D167: 4701 | E167: Approve a Check Airman For Air Operator [OPS] | F167: 4.711 | G167: Approuver un contrôle aérien pour l'exploitant aérien [OPS]
A168: 166 | D168: 4701 | E168: Conduct a Pilot Proficiency Check for Business Aircraft [OPS] | F168: 4.712 | G168: Effectuer un contrôle de compétence pilote pour les avions d’affaires [OPS]
A169: 167 | D169: 4701 | E169: Conduct a Pilot Instrument Proficiency Check [OPS] | F169: 4.713 | G169: Effectuer un contrôle de compétence instrument pilote [OPS]
... A179: 177 | D179: 4701 | E179: Conduct a Rotor Craft Pilot and Proficiency Check [OPS] | F179: 4.723 | G179: Effectuer un test de pilotage et une vérification de compétence [OPS]
A180: 178 | B180: Investigation PEL | C180: Compliance & Enforcement (or Resolution of Safety Concerns) - PEL | D180: 5001 | E180: Conduct an Enforcement investigation | F180: 5.001 | G180: Mener une enquête d'exécution
A181: 179 | D181: 5001 | E181: Investigate Non-Compliance in accordance with Self-Disclosure | F181: 5.002 | G181: Enquêter sur la non-conformité conformément à l'auto-divulgation
A182: 180 | D182: 5001 | E182: Provide Technical Assistance to Legal Council | F182: 5.003 | G182: Fournir une assistance technique au conseil juridique
A183: 181 | D183: 5001 | E183: Investigate a Complaint | F183: 5.004 | G183: Enquêter sur une plainte
A184: 182 | D184: 5001 | E184: Investigate a Noise Complaint or Damage Caused by a Civil Aircraft | F184: 5.005 | G184: Enquêter sur une plainte relative au bruit ou à un dommage causé par un aéronef civil
A185: 183 | D185: 5001 | E185: Withdrawal, Suspension, Revocation, Denial, or Amendment of Operation Specification | F185: 5.006 | G185: Retrait, suspension, révocation, refus, ou modification d'une spécification d'exploitation
A186: 184 | D186: 5001 | E186: Investigate Reports of Reckless Flying [OPS] | F186: 5.007 | G186: Enquêter sur les rapports de vols imprudents [OPS]
...

Sheet AGA
A1: Aerodromes (AGA)
A2: =OPS!A2 -> SN | B2: =OPS!B2 -> Domain | C2: =OPS!C2 -> Category | D2: =OPS!D2 -> Course Number | E2: =OPS!E2 -> Job Task Name | F2: =OPS!F2 -> Job Task #
A3: 1 | B3: Indoctrination AGA | C3: New Employee Orientation - AGA | D3: 1001 | E3: Employee Benefits | F3: 1.001 | G3: Avantages sociaux
A4: 2 | D4: 1001 | E4: Time and Attendance | F4: 1.002 | G4: Temps et présence
A5: 3 | D5: 1001 | E5: Employee Training and Development | F5: 1.003 | G5: Formation et perfectionnement des employés
A6: 4 | D6: 1001 | E6: Office Communications | F6: 1.004 | G6: Communications de bureau
A7: 5 | D7: 1001 | E7: Computer Systems | F7: 1.005 | G7: Systèmes informatiques
A8: 6 | D8: 1001 | E8: Managing Resources | F8: 1.006 | G8: Gestion des ressources
A9: 7 | D9: 1001 | E9: Employee Ethics | F9: 1.007 | G9: Ethique des employés
A10: 8 | D10: 1001 | E10: Labor Unions | F10: 1.008 | G10: Syndicats
A11: 9 | D11: 1001 | E11: Conduct and Discipline | F11: 1.009 | G11: Conduite et discipline
A12: 10 | D12: 1001 | E12: Travel | F12: 1.010 | G12: Voyage
A13: 11 | D13: 1001 | E13: Security | F13: 1.011 | G13: Sécurité
A14: 12 | D14: 1001 | E14: Legal and Regulatory Documents, Inspector Manuals and Guidance Materials. | F14: 1.012 | G14: Documents juridiques et réglementaires, manuels de l'inspecteur et documents d'orientation.
A15: 13 | D15: 1001 | E15: Aviation Environment | F15: 1.013 | G15: Environnement aéronautique
A16: 14 | B16: Certification AGA | C16: Aerodrome Certification and Audit Techniques | D16: 2002 | E16: Cert Phase I: Pre-application Phase | F16: 2.001 | G16: Cert Phase I: Phase de pré-application
A17: 15 | D17: 2002 | E17: Cert Phase II: Formal Application Phase and Document Evaluation Phase | F17: 2.002 | G17: Cert Phase II: Phase de demande officielle et phase d'évaluation de document
A18: 16 | D18: 2002 | E18: Cert Phase III: Demonstration and Inspection Phase | F18: 2.003 | G18: Cert Phase III: Phase de démonstration et d'inspection
A19: 17 | D19: 2002 | E19: Cert Phase IV: Certification Phase | F19: 2.004 | G19: Cert Phase IV: Phase de certification
A20: 18 | D20: 2002 | E20: Cert Phase V: Promulgation Phase | F20: 2.005 | G20: Cert Phase V: Phase de promulgation
A21: 19 | D21: 2002 | E21: Evaluate an Aerodrome Operations Manual | F21: 2.006 | G21: Évaluer un manuel d'exploitation d'aérodrome
A22: 20 | D22: 2002 | E22: Process a Request for Amendment of an Aerodrome Certificate | F22: 2.007 | G22: Traiter une demande de modification d'un certificat d'aérodrome
A23: 21 | D23: 2002 | E23: Process a Request for the Transfer of an Aerodrome Certificate | F23: 2.008 | G23: Traiter une demande de transfert d'un certificat d'aérodrome
A24: 22 | D24: 2002 | E24: Process a Request for the Surrender of an Aerodrome Certificate | F24: 2.009 | G24: Traiter une demande de remise d'un certificat d'aérodrome
A25: 23 | D25: 2002 | E25: Process and Exemption,Deviation or Waiver Request | F25: 2.010 | G25: Processus et demande d'exemption, de dérogation ou de renonciation
A26: 24 | D26: 2002 | E26: Evaluate an Aerodrome Reporting System | F26: 2.011 | G26: Évaluer un système de compte rendu d'aérodrome
A27: 25 | D27: 2002 | E27: Evaluate Airside Pavements and Safety Areas | F27: 2.012 | G27: Évaluer les chaussées côté piste et les zones de sécurité
A28: 26 | D28: 2002 | E28: Evaluate Aerodrome Visual Aids | F28: 2.013 | G28: Évaluer les aides visuelles aux aérodromes
... A50: 48 | D50: 2002 | E50: Evaluate a Ground Handling Operations Personnel Training Programme | F50: 2.035 | G50: Évaluer un programme de formation du personnel des opérations d'assistance au sol
A51: 49 | C51: Heliport Certification | D51: 2102 | E51: Certification of a Heliport | F51: 2.101 | G51: Certification d'un héliport
A52: 50 | D52: 2102 | E52: Evaluate Heliport Facilities and RFFS | F52: 2.102 | G52: Évaluer les installations d'héliport et RFFS
A53: 51 | D53: 2102 | E53: Evaluate a Heliport Operations Manual | F53: 2.103 | G53: Évaluer un manuel d'exploitation d'héliport
A54: 52 | D54: 2102 | E54: Evaluate a Heliport Operations Personnel Training Program | F54: 2.104 | G54: Évaluer un programme de formation du personnel des opérations d'héliport
A55: 53 | B55: Surveillance AGA | C55: Aerodrome Surveillance | D55: 3002 | E55: Plan a Surveillance Work Program | F55: 3.001 | G55: Planifier un programme de travail de surveillance
A56: 54 | D56: 3002 | E56: Conduct an Aircraft Fueling Inspection | F56: 3.002 | G56: Effectuer une inspection de ravitaillement d'aéronef
A57: 55 | D57: 3002 | E57: Inspect a Response Test | F57: 3.003 | G57: Inspecter un test de réponse
A58: 56 | D58: 3002 | E58: Inspect a Partial Emergency Exercise | F58: 3.004 | G58: Inspecter un exercice partiel d'urgence
A59: 57 | D59: 3002 | E59: Inspect a Friction Test/ Records | F59: 3.005 | G59: Inspecter un test de friction / des enregistrements
A60: 58 | D60: 3002 | E60: Inspect a Pavement Strength Report | F60: 3.006 | G60: Inspecter un rapport sur la résistance de la chaussée
A61: 59 | D61: 3002 | E61: Inspect an Aerodrome Works | F61: 3.007 | G61: Inspecter un ouvrage d'aérodrome
A62: 60 | D62: 3002 | E62: Inspect Airside Physical Characteristics | F62: 3.008 | G62: Inspecter les caractéristiques physiques du côté piste
A63: 61 | D63: 3002 | E63: Inspect Airside Visual Aids | F63: 3.009 | G63: Inspecter les aides visuelles côté piste
A64: 62 | D64: 3002 | E64: Inspect a Rescue and Fire Fighting Facility | F64: 3.010 | G64: Inspecter une installation de sauvetage et de lutte contre l'incendie
A65: 63 | D65: 3002 | E65: Inspect an Aerodrome Marking/Signage and Lighting Plan | F65: 3.011 | G65: Inspecter un plan de balisage / signalisation et d'éclairage pour un aérodrome
A66: 64 | D66: 3002 | E66: Inspect an Existing Obstacle | F66: 3.012 | G66: Inspecter un obstacle existant
A67: 65 | D67: 3002 | E67: Inspect an Aerodrome Emergency Plan | F67: 3.013 | G67: Inspecter un plan d'urgence d'aérodrome
... A77: 75 | D77: 3002 | E77: Perform an RFF Personnel Competence Assessment | F77: 3.022 | G77: Effectuer une évaluation des compétences du personnel RFF
A78: 76 | B78: Competence Assessment AGA | C78: Competence Assessment Procedures - Aerodromes | D78: 4002 | E78: Inspect an Operations Personnel Competence Assessment Scheme | F78: 4.001 | G78: Inspecter un programme d'évaluation des compétences du personnel d'exploitation
A79: 77 | D79: 4002 | E79: Inspect an Maintenance Personnel Competence Assessment Scheme | F79: 4.002 | G79: Inspecter un programme d'évaluation des compétences du personnel de maintenance
A80: 78 | D80: 4002 | E80: Inspect an RFF Personnel Competence Assessment Scheme | F80: 4.003 | G80: Inspecter un programme d'évaluation des compétences du personnel de RFF
A81: 79 | C81: Designated Assessor Procedures | D81: 4202 | E81: Inspect a Designated Aerodrome Operations Personnel Assessor | F81: 4.204 | G81: Inspecter un évaluateur désigné du personnel d'exploitation des aérodromes
A82: 80 | D82: 4202 | E82: Inspect a Designated Aerodrome Maintenance Personnel Assessor | F82: 4.205 | G82: Inspecter un évaluateur désigné du personnel de maintenance des aérodromes
A83: 81 | D83: 4202 | E83: Inspect a Designated Fireman Assessor | F83: 4.206 | G83: Inspecter un évaluateur de pompiers désigné
A84: 82 | C84: Aviation Training Organizations - Aerodrome | D84: 4502 | E84: Approval of a Training Center or renewal | F84: 4.501 | G84: Approbation d'un centre de formation ou de renouvellement
A85: 83 | D85: 4502 | E85: Inspect Training Personnel, Facilities, Equipment, and Records of a RFF Training School | F85: 4.502 | G85: Inspecter le personnel de formation, les installations, l'équipement et les archives d'une école de formation de RFF
A86: 84 | D86: 4502 | E86: Inspect Training Center Personnel and Qualifications | F86: 4.503 | G86: Inspecter le personnel et les qualifications du centre de formation
A87: 85 | D87: 4502 | E87: Blank | F87: 4.504 | G87: Blanc
A88: 86 | D88: 4502 | E88: Inspect Training Center Simulator | F88: 4.510 | G88: Inspecter le simulateur du centre de formation
A89: 87 | D89: 4502 | E89: Blank | F89: 4.511 | G89: Blanc
A90: 88 | D90: 4502 | E90: Approve a Training Center Training Program Curriculum | F90: 4.512 | G90: Approuver un programme de formation de centre de formation
A91: 89 | D91: 4502 | E91: Blank | F91: 4.513 | G91: Blanc
A92: 90 | D92: 4502 | E92: Evaluate a Training Center Lease or Contract | F92: 4.514 | G92: Évaluer un contrat de location ou un contrat de centre de formation
A93: 91 | B93: Investigation AGA | C93: Compliance and Enforcement (or Resolution of Safety Concerns) | D93: 5001 | E93: Conduct an Enforcement Investigation | F93: 5.001 | G93: Mener une enquête sur l'application de la loi
A94: 92 | D94: 5001 | E94: Investigate Non-Compliance in Accordance with Self-Disclosure | F94: 5.002 | G94: Enquêter sur la non-conformité conformément à la divulgation volontaire
A95: 93 | D95: 5001 | E95: Provide Technical Assistance to Legal Counsel | F95: 5.003 | G95: Fournir une assistance technique au conseiller juridique
A96: 94 | D96: 5001 | E96: Investigate a Complaint | F96: 5.004 | G96: Enquêter sur une plainte
A97: 95 | D97: 5001 | E97: Blank | F97: 5.005 | G97: Blanc
A98: 96 | D98: 5001 | E98: Suspension, Revocation of an Aerodrome Certificate | F98: 5.006 | G98: Suspension, révocation d'un certificat d'aérodrome
A99: 97 | D99: 5001 | E99: Investigate a Vehicle Deviation | F99: 5.009 | G99: Enquêter sur une déviation de véhicule
A100: 98 | C100: Aerodrome Accident Investigation | D100: 5501 | E100: Investigate an Aircraft Accident | F100: 5.501 | G100: Enquêter sur un accident d'avion
A101: 99 | D101: 5501 | E101: Investigate an Aircraft Incident | F101: 5.502 | G101: Enquêter sur un incident d'avion
A102: 100 | D102: 5501 | E102: Investigate an Occurrence | F102: 5.503 | G102: Enquêter sur un événement
A103: 101 | B103: Job Skills AGA | C103: Wildlife Hazard Management | D103: 6302 | E103: Evaluate a Wildlife Hazard Management Program | F103: 6.301 | G103: Évaluer un programme de gestion des risques pour la faune
A104: 102 | D104: 6302 | E104: Inspect a Wildlife Control Officer Training Program | F104: 6.302 | G104: Inspecter un programme de formation des agents de contrôle de la faune
A105: 103 | D105: 6302 | E105: Conduct a Wildlife Inspection | F105: 6.303 | G105: Effectuer une inspection de la faune
A106: 104 | C106: Aerodrome Operations | D106: 6402 | E106: Evaluate an Airside Vehicle Control Program | F106: 6.401 | G106: Évaluer un programme de contrôle des véhicules côté piste
A107: 105 | D107: 6402 | E107: Perform Operations Staff Competence Assessment | F107: 6.402 | G107: Effectuer une évaluation des compétences du personnel d'exploitation
A108: 106 | D108: 6402 | E108: Evaluate and Apron Safety/Management Program | F108: 6.403 | G108: Programme d'évaluation et de sécurité des tabliers / gestion
A109: 107 | D109: 6402 | E109: Evaluate/Inspect a Ground Handling Operation | F109: 6.404 | G109: Évaluer / Inspecter une opération au sol
A110: 108 | D110: 6402 | E110: Evaluate/Inspect a Terminal Operations/Mgt Programme | F110: 6.405 | G110: Évaluer / inspecter un programme de gestion / opérations de terminal
A111: 109 | D111: 6402 | E111: Evaluate/Inspect a Cargo Operations/Mgt Programme | F111: 6.406 | G111: Évaluer / inspecter un programme d'exploitation / de gestion de la cargaison
A112: 110 | C112: Aviation Safety Program Manager - Aerodrome | D112: 6502 | E112: Develop an Annual District Aviation Safety Prgm Plan | F112: 6.501 | G112: Élaborer un plan annuel de planification de sécurité aérienne dans le district
A113: 111 | D113: 6502 | E113: Manage Safety Meetings, Events and Activities | F113: 6.502 | G113: Gérer des réunions, des événements et des activités de sécurité
A114: 112 | D114: 6502 | E114: Appoint an Aviation Safety Counselor | F114: 6.503 | G114: Nommer un conseiller en sécurité aérienne
A115: 113 | D115: 6502 | E115: Issue an Aviation Safety Award | F115: 6.504 | G115: Émettre un prix de la sécurité aérienne
A116: 114 | D116: 6502 | E116: Evaluate Accident or Incident Reports for Trends | F116: 6.505 | G116: Évaluer les rapports d'accident ou d'incident pour les tendances
A117: 115 | D117: 6502 | E117: Process a Remedial Training Action | F117: 6.508 | G117: Traiter une action de formation de rattrapage
A118: 116 | D118: 6502 | E118: Issue Waiver or Authorization for a Aviation Event | F118: 6.509 | G118: Dérogation ou autorisation pour un événement aéronautique
A119: 117 | D119: 6502 | E119: Blank | F119: 6.510 | G119: Blanc
A120: 118 | D120: 6502 | E120: Evaluate and Approve a Work Safety Plan | F120: 6.514 | G120: Évaluer et approuver un plan de sécurité au travail
A121: 119 | C121: Aeronautical Studies and Risk Assessment | D121: 6602 | E121: Process an Aviation Height Clearance Certificate | F121: 6.601 | G121: Traiter un certificat d'autorisation en hauteur
A122: 120 | D122: 6602 | E122: Conduct Obstruction Evaluation | F122: 6.602 | G122: Évaluation de l'obstruction
A123: 121 | D123: 6602 | E123: Conduct Airport Airspace Evaluation | F123: 6.603 | G123: Effectuer une évaluation de l'espace aérien d'un aéroport
A124: 122 | D124: 6602 | E124: Evaluate and Approve an Aeronautical Study Report | F124: 6.604 | G124: Évaluer et approuver un rapport d'étude aéronautique
A125: 123 | C125: Safety Management Systems - Aerodromes | D125: 6701 | E125: Evaluate and Approve a Safety Management Manual | F125: 6.701 | G125: Évaluer et approuver un manuel de gestion de la sécurité
A126: 124 | D126: 6701 | E126: Inspect a Safety Management System | F126: 6.702 | G126: Inspecter un système de gestion de la sécurité
A127: 125 | D127: 6701 | E127: Conduct a Safety Management System Evaluation | F127: 6.703 | G127: Effectuer une évaluation du système de gestion de la sécurité
A128: 126 | D128: 6701 | E128: Inspect a Safety Management System (Programme Validation Inspection: PVI) | F128: 6.704 | G128: Inspecter un système de gestion de la sécurité (Inspection de validation de programme: PVI)
A129: 127 | D129: 6701 | E129: Conduct a Safety Management Systems Assessment | F129: 6.705 | G129: Effectuer une évaluation des systèmes de gestion de la sécurité
A130: 128 | B130: Emergency Services AGA | C130: Rescue and Fire Fighting | D130: 7002 | E130: Evaluate/Inspect an Aerodrome Rescue and Fire Fighting Capability | F130: 7.001 | G130: Évaluer / inspecter une capacité de sauvetage et de lutte contre l'incendie sur un aérodrome
...

Sheet MET
A1: Aeronautical Meteorology (MET)
A2: =OPS!A2 -> SN | B2: =OPS!B2 -> Domain | C2: =OPS!C2 -> Category | D2: =OPS!D2 -> Course Number | E2: =OPS!E2 -> Job Task Name | F2: =OPS!F2 -> Job Task #
A3: 1 | B3: Indoctrination MET | C3: New Employee Orientation - AEROMET | D3: 1001 | E3: Employee Benefits | F3: 1.001 | G3: Avantages sociaux
A4: 2 | D4: 1001 | E4: Time and Attendance | F4: 1.002 | G4: Temps et présence
A5: 3 | D5: 1001 | E5: Employee Training and Development | F5: 1.003 | G5: Formation et perfectionnement des employés
A6: 4 | D6: 1001 | E6: Office Communications | F6: 1.004 | G6: Communications de bureau
A7: 5 | D7: 1001 | E7: Computer Systems | F7: 1.005 | G7: Systèmes informatiques
A8: 6 | D8: 1001 | E8: Managing Resources | F8: 1.006 | G8: Gestion des ressources
A9: 7 | D9: 1001 | E9: Employee Ethics | F9: 1.007 | G9: Ethique des employés
A10: 8 | D10: 1001 | E10: Labor Unions | F10: 1.008 | G10: Syndicats
A11: 9 | D11: 1001 | E11: Conduct and Discipline | F11: 1.009 | G11: Conduite et discipline
A12: 10 | D12: 1001 | E12: Travel | F12: 1.010 | G12: Voyage
A13: 11 | D13: 1001 | E13: Security | F13: 1.011 | G13: Sécurité
A14: 12 | D14: 1001 | E14: Legal and Regulatory Documents, Inspector Manuals and Guidance Materials. | F14: 1.012 | G14: Documents juridiques et réglementaires, manuels de l'inspecteur et documents d'orientation.
A15: 13 | D15: 1001 | E15: Aviation Environment | F15: 1.013 | G15: Environnement aéronautique
A16: 14 | B16: Certification MET | C16: Aeronautical Meteorology Service Provider Certification | D16: 2005 | E16: Cert Phase I: Pre-application Phase | F16: 2.001 | G16: Cert Phase I: Phase de pré-application
A17: 15 | D17: 2005 | E17: Cert Phase II: Formal Application Phase | F17: 2.002 | G17: Cert Phase II: Phase d'application formelle
A18: 16 | D18: 2005 | E18: Cert Phase III: Document Evaluation Phase | F18: 2.003 | G18: Cert Phase III: Phase d'évaluation du document
A19: 17 | D19: 2005 | E19: Cert Phase IV: Demonstration and Inspection Phase | F19: 2.004 | G19: Cert Phase IV: Phase de démonstration et d'inspection
A20: 18 | D20: 2005 | E20: Cert Phase V: Certification Phase | F20: 2.005 | G20: Cert Phase V: Phase de certification
A21: 19 | D21: 2005 | E21: Evaluate a AeroMet Provider Operations Manual | F21: 2.006 | G21: Évaluer un manuel d'exploitation du fournisseur AeroMet
A22: 20 | D22: 2005 | E22: Evaluate Record Keeping System | F22: 2.007 | G22: Évaluer le système de tenue des dossiers
A23: 21 | D23: 2005 | E23: Evaluate Training and Checking Program | F23: 2.008 | G23: Évaluation du programme de formation et de contrôle
A24: 22 | D24: 2005 | E24: Evaluate Document Management | F24: 2.009 | G24: Évaluer la gestion de documents
A25: 23 | D25: 2005 | E25: Evaluate Fault and Defect Reporting System | F25: 2.010 | G25: Évaluer le système de signalisation des anomalies et des défauts
A26: 24 | D26: 2005 | E26: Evaluate Security Plan | F26: 2.011 | G26: Évaluer le plan de sécurité
A27: 25 | D27: 2005 | E27: Evaluate Service Provider Quality System | F27: 2.012 | G27: Évaluer le système qualité du fournisseur de services
A28: 26 | D28: 2005 | E28: Evaluate Contingency Plan | F28: 2.013 | G28: Évaluer le plan d'urgence
... A61: 59 | D61: 2005 | E61: Evaluate Coordination with Non AeroMet Meteorological Services | F61: 2.046 | G61: Évaluer la coordination avec les services météorologiques non AeroMet
A62: 60 | C62: Aeronautical Meteorology Facilities Certification | D62: 2105 | E62: Certificate an AeroMet Facility | F62: 2.101 | G62: Certificat d'une installation AeroMet
A63: 61 | D63: 2105 | E63: Evaluate AeroMet Facilities and Equipment | F63: 2.102 | G63: Évaluer les installations et équipements AeroMet
A64: 62 | D64: 2105 | E64: Evaluate AeroMet Operations Manual | F64: 2.103 | G64: Évaluation du manuel d'exploitation AeroMet
A65: 63 | D65: 2105 | E65: Evaluate AeroMet Personnel Training Program | F65: 2.104 | G65: Évaluation du programme de formation du personnel AeroMet
A66: 64 | D66: 2105 | E66: Evaluate AeroMet Quality System | F66: 2.105 | G66: Évaluer le système qualité AeroMet
A67: 65 | D67: 2105 | E67: Evaluate AeroMet Record Keeping System | F67: 2.106 | G67: Évaluer le système de tenue des registres AeroMet
A68: 66 | B68: Surveillance MET | C68: Aeronautical Meteorology Service Provider Surveillance | D68: 3005 | E68: Plan a Surveillance Work Program | F68: 3.001 | G68: Planifier un programme de travail de surveillance
A69: 67 | D69: 3005 | E69: Inspect AeroMet Service Provider Operations Manual | F69: 3.002 | G69: Inspecter le manuel d'exploitation du fournisseur de services AeroMet
A70: 68 | D70: 3005 | E70: Inspect Facility/Equipment Maintenance Program | F70: 3.003 | G70: Inspecter le programme d'entretien des installations / équipements
A71: 69 | D71: 3005 | E71: Inspect Met Observer Training Program | F71: 3.004 | G71: Programme de formation Inspect Met Observer
A72: 70 | D72: 3005 | E72: Inspect Met Forecaster Training Program | F72: 3.005 | G72: Programme de formation Inspect Met Forecaster
A73: 71 | D73: 3005 | E73: Inspect Meteorological Watch Office | F73: 3.006 | G73: Inspection du bureau de surveillance météorologique
A74: 72 | D74: 3005 | E74: Inspect Quality Assurance Program | F74: 3.007 | G74: Inspecter le programme d'assurance qualité
A75: 73 | D75: 3005 | E75: Inspect Aerodrome Met Office | F75: 3.008 | G75: Inspection du bureau de l'aérodrome
A76: 74 | D76: 3005 | E76: Inspect Met Station | F76: 3.009 | G76: Inspecter Met Station
A77: 75 | D77: 3005 | E77: Conduct SIGMET/AIRMET Inspection | F77: 3.010 | G77: Effectuer une inspection SIGMET / AIRMET
A78: 76 | D78: 3005 | E78: Conduct SPECI/SPECIALs Inspection | F78: 3.011 | G78: Effectuer une inspection SPECI / SPECIALs
A79: 77 | D79: 3005 | E79: Conduct METAR/MET REPORTs Inspection | F79: 3.012 | G79: Effectuer une inspection des rapports METAR / MET
A80: 78 | D80: 3005 | E80: Conduct Met Observer Competence Assessment | F80: 3.013 | G80: Réaliser une évaluation de la compétence de l'observateur rencontré
... A94: 92 | D94: 3005 | E94: Inspect Met Maintenance Personnel Training Programme | F94: 3.027 | G94: Inspectez le programme de formation du personnel d'entretien rencontré
A95: 93 | B95: Competence Assessment MET | C95: Competence Assessment Procedures Aeronautical Meteorology | D95: 4005 | E95: Inspect an AeroMet Observer Competence Assessment Scheme | F95: 4.001 | G95: Inspecter un système d'évaluation des compétences d'observateur AeroMet
A96: 94 | D96: 4005 | E96: Inspect an AeroMet Forecaster Competence Assessment Scheme | F96: 4.002 | G96: Inspecter un système d'évaluation des compétences des prévisionnistes AeroMet
A97: 95 | D97: 4005 | E97: Inspect an AeroMet Competence Assessment Scheme | F97: 4.003 | G97: Inspecter un système d'évaluation des compétences AeroMet
A98: 96 | D98: 4205 | E98: Inspect a Designated AeroMet Observer Assessor | F98: 4.201 | G98: Inspecter un évaluateur AeroMet Observer désigné
A99: 97 | D99: 4205 | E99: Inspect a Designated AeroMet Forecaster Assessor | F99: 4.202 | G99: Inspecter un évaluateur AeroMet Forecaster Assessor désigné
A100: 98 | D100: 4205 | E100: Inspect a Designated Aeronautical Met Maintenance Personnel | F100: 4.203 | G100: Inspecter un personnel de maintenance aéronautique désigné
A101: 99 | D101: 4505 | E101: Approval of a Training Center or renewal | F101: 4.501 | G101: Approbation d'un centre de formation ou de renouvellement
A102: 100 | D102: 4505 | E102: Inspect Training Personnel | F102: 4.502 | G102: Inspecter le personnel de formation
A103: 101 | D103: 4505 | E103: Inspect Facilities, Equipment and Training Materials | F103: 4.503 | G103: Inspecter les installations, l'équipement et le matériel de formation
A104: 102 | D104: 4505 | E104: Inspect Training Records | F104: 4.504 | G104: Inspecter les dossiers de formation
A105: 103 | D105: 4505 | E105: Inspect Quality System | F105: 4.505 | G105: Inspection du système qualité
A106: 104 | D106: 4505 | E106: Approve a Training Center Training Program Curriculum | F106: 4.511 | G106: Approuver un programme de formation de centre de formation
A107: 105 | D107: 4505 | E107: Evaluate a Training Center Lease or Contract | F107: 4.514 | G107: Évaluer un contrat de location ou un contrat de centre de formation
A108: 106 | B108: Investigation MET | C108: Compliance and Enforcement | D108: 5001 | E108: Conduct an Enforcement Investigation | F108: 5.001 | G108: Mener une enquête sur l'application de la loi
A109: 107 | D109: 5001 | E109: Investigate Non-Compliance in Accordance with Self-Disclosure | F109: 5.002 | G109: Enquêter sur la non-conformité conformément à la divulgation volontaire
A110: 108 | D110: 5001 | E110: Provide Technical Assistance to Legal Counsel | F110: 5.003 | G110: Fournir une assistance technique au conseiller juridique
A111: 109 | D111: 5001 | E111: Investigate a Complaint | F111: 5.004 | G111: Enquêter sur une plainte
A112: 110 | D112: 5001 | E112: Suspension, Revocation of an AeroMet SP or AMOS SP Certificate | F112: 5.006 | G112: Suspension, révocation d'un certificat AeroMet SP ou AMOS SP
A113: 111 | C113: Aircraft Accident/Incident Investigation | D113: 5501 | E113: Investigate an Aircraft Accident | F113: 5.501 | G113: Enquêter sur un accident d'avion
A114: 112 | D114: 5501 | E114: Investigate an Aircraft Incident | F114: 5.502 | G114: Enquêter sur un incident d'avion
A115: 113 | D115: 5501 | E115: Investigate an Occurrence | F115: 5.503 | G115: Enquêter sur un événement
A116: 114 | D116: 5501 | E116: Testifying in an Accident/Incident Investigation Exercise | F116: 5.504 | G116: Témoigner lors d'un exercice d'enquête sur un accident ou un incident
A117: 115 | B117: Job Skills MET | C117: Specialised Aeronautical Meteorological Instruments | D117: 6005 | E117: Evaluate and Approve an Integrated Automatic Meteorological Observing System | F117: 6.001 | G117: Évaluer et approuver un système intégré d'observation météorologique automatique
A118: 116 | D118: 6005 | E118: Evaluate and Approve a Simple or dedicated meteorological Observing System | F118: 6.002 | G118: Évaluer et approuver un système d'observation météorologique simple ou dédié
A119: 117 | C119: Quality Management Systems | D119: 6105 | E119: Evaluate and Approve a Quality Management Manual | F119: 6.101 | G119: Évaluer et approuver un manuel de gestion de la qualité
A120: 118 | D120: 6105 | E120: Evaluate Internal Audit Program | F120: 6.102 | G120: Évaluer le programme de vérification interne
A121: 119 | D121: 6105 | E121: Evaluate Quality Management Training Program | F121: 6.103 | G121: Évaluation du programme de formation en gestion de la qualité
A122: 120 | D122: 6105 | E122: Evaluate Quality Control Program | F122: 6.104 | G122: Évaluer le programme de contrôle de la qualité
A123: 121 | D123: 6105 | E123: Evaluate Third Party Quality Management | F123: 6.105 | G123: Évaluer la gestion de la qualité par des tiers
A124: 122 | C124: Aviation Safety Program Manager | D124: 6505 | E124: Develop an Annual District Aviation Safety Program Plan | F124: 6.501 | G124: Élaborer un plan annuel de programme de sécurité aérienne de district
A125: 123 | D125: 6505 | E125: Manage Safety Meetings, Events and Activities | F125: 6.502 | G125: Gérer des réunions, des événements et des activités de sécurité
A126: 124 | D126: 6505 | E126: Appoint an Aviation Safety Counselor | F126: 6.503 | G126: Nommer un conseiller en sécurité aérienne
A127: 125 | D127: 6505 | E127: Issue an Aviation Safety Award | F127: 6.504 | G127: Émettre un prix de la sécurité aérienne
A128: 126 | D128: 6505 | E128: Evaluate Accident or Incident Reports for Trends | F128: 6.505 | G128: Évaluer les rapports d'accident ou d'incident pour les tendances
A129: 127 | D129: 6505 | E129: Process a Flight Assist Report | F129: 6.506 | G129: Traiter un rapport d'assistance de vol
A130: 128 | D130: 6505 | E130: Process a Remedial Training Action | F130: 6.508 | G130: Traiter une action de formation de rattrapage
A131: 129 | C131: Safety Management Systems | D131: 6701 | E131: Approve a Safety Management System | F131: 6.701 | G131: Approuver un système de gestion de la sécurité
A132: 130 | D132: 6701 | E132: Inspect a Safety Management System | F132: 6.702 | G132: Inspecter un système de gestion de la sécurité
A133: 131 | B133: Aeronautical Observation MET | C133: Aeronautical Meteorological Observation and Reporting | D133: 7005 | E133: Evaluate/ Inspect Aerodrome Met Station | F133: 7.001 | G133: Évaluer / inspecter la station météo de l'aérodrome
A134: 132 | D134: 7005 | E134: Evaluate/Inspect Station Operation Manual | F134: 7.002 | G134: Manuel d'utilisation de la station d'évaluation / d'inspection
A135: 133 | D135: 7005 | E135: Evaluate/Inspect Station Personnel Training Program | F135: 7.003 | G135: Programme d'évaluation et d'inspection du personnel de la station
A136: 134 | D136: 7005 | E136: Evaluate/Inspect METAR/MET REPORTs Preparation and Issuance program | F136: 7.004 | G136: Évaluer / inspecter le programme de préparation et d'émission des rapports METAR / MET
A137: 135 | D137: 7005 | E137: Inspect SPECI/SPECIAL REPORTs Preparation and Issuance Program | F137: 7.005 | G137: Inspecter le programme de préparation et d'émission des rapports SPECI / SPÉCIAUX
A138: 136 | D138: 7005 | E138: Evaluate/Inspect AeroMet Personnel Training Records and Qualification | F138: 7.006 | G138: Évaluer / inspecter les dossiers de formation et de qualification du personnel AeroMet
A139: 137 | B139: Forecasting MET | C139: Aeronautical Meteorology Forecasting | D139: 8005 | E139: Evaluate and Approve AeroMet Office | F139: 8.001 | G139: Évaluer et approuver AeroMet Office
A140: 138 | D140: 8005 | E140: Evaluate and Approve Met Office Operation Manual | F140: 8.002 | G140: Évaluer et approuver le manuel d'utilisation de Met Office
A141: 139 | D141: 8005 | E141: Evaluate and Approve Personnel Training Program | F141: 8.003 | G141: Évaluer et approuver le programme de formation du personnel
A142: 140 | D142: 8005 | E142: Evaluate TAF/Trend/Take off Forecast Preparation and Supply Program | F142: 8.004 | G142: Évaluation du programme de préparation et de fourniture de prévisions TAF / Tendance / Décollage
A143: 141 | D143: 8005 | E143: Evaluate En-route Forecast Preparation and Supply Program | F143: 8.005 | G143: Évaluer le programme de préparation et de prévision des prévisions en route
A144: 142 | D144: 8005 | E144: Evaluate/Inspect AeroMet Office Personnel Training Records and Qualification | F144: 8.006 | G144: Évaluer / inspecter les dossiers de formation et de qualification du personnel de bureau AeroMet Office
A145: 143 | B145: Management MET | C145: Management Training | D145: 9001 | E145: Employee Benefits | F145: 9.001 | G145: Avantages sociaux
...

Sheet ATS
A1: Air Traffic Services (ATS)
A2: =OPS!A2 -> SN | B2: =OPS!B2 -> Domain | C2: =OPS!C2 -> Category | D2: =OPS!D2 -> Course Number | E2: =OPS!E2 -> Job Task Name | F2: =OPS!F2 -> Job Task #
A3: 1 | B3: Indoctrination ATS | C3: New Employee Orientation - ATS | D3: 1001 | E3: Employee Benefits | F3: 1.001 | G3: Avantages sociaux
A4: 2 | D4: 1001 | E4: Time and Attendance | F4: 1.002 | G4: Temps et présence
A5: 3 | D5: 1001 | E5: Employee Training and Development | F5: 1.003 | G5: Formation et perfectionnement des employés
A6: 4 | D6: 1001 | E6: Office Communications | F6: 1.004 | G6: Communications de bureau
A7: 5 | D7: 1001 | E7: Computer Systems | F7: 1.005 | G7: Systèmes informatiques
A8: 6 | D8: 1001 | E8: Managing Resources | F8: 1.006 | G8: Gestion des ressources
A9: 7 | D9: 1001 | E9: Employee Ethics | F9: 1.007 | G9: Ethique des employés
A10: 8 | D10: 1001 | E10: Labor Unions | F10: 1.008 | G10: Syndicats
A11: 9 | D11: 1001 | E11: Conduct and Discipline | F11: 1.009 | G11: Conduite et discipline
A12: 10 | D12: 1001 | E12: Travel | F12: 1.010 | G12: Voyage
A13: 11 | D13: 1001 | E13: Security | F13: 1.011 | G13: Sécurité
A14: 12 | D14: 1001 | E14: Legal and Regulatory Documents, Inspector Manuals and Guidance Materials. | F14: 1.012 | G14: Documents juridiques et réglementaires, manuels de l'inspecteur et documents d'orientation.
A15: 13 | D15: 1001 | E15: Aviation Environment | F15: 1.013 | G15: Environnement aéronautique
A16: 14 | B16: Certification ATS | C16: Air Traffic Service Provider- Certification | D16: 2007 | E16: Cert Phase I: Pre-application Phase | F16: 2.001 | G16: Cert Phase I: Phase de pré-application
A17: 15 | D17: 2007 | E17: Cert Phase II: Formal Application Phase | F17: 2.002 | G17: Cert Phase II: Phase d'application formelle
A18: 16 | D18: 2007 | E18: Cert Phase III: Document Evaluation Phase | F18: 2.003 | G18: Cert Phase III: Phase d'évaluation du document
A19: 17 | D19: 2007 | E19: Cert Phase IV: Demonstration and Inspection Phase | F19: 2.004 | G19: Cert Phase IV: Phase de démonstration et d'inspection
A20: 18 | D20: 2007 | E20: Cert Phase V: Certification Phase | F20: 2.005 | G20: Cert Phase V: Phase de certification
A21: 19 | D21: 2007 | E21: Evaluate an ATS Provider Operations Manual | F21: 2.006 | G21: Évaluer un manuel d'exploitation du fournisseur ATS
A22: 20 | D22: 2007 | E22: Evaluate Record Keeping System | F22: 2.007 | G22: Évaluer le système de tenue des dossiers
A23: 21 | D23: 2007 | E23: Evaluate Document Management Program | F23: 2.008 | G23: Programme d'évaluation de la gestion de documents
A24: 22 | D24: 2007 | E24: Evaluate Fault and Defect Reporting System | F24: 2.009 | G24: Évaluer le système de signalisation des anomalies et des défauts
A25: 23 | D25: 2007 | E25: Evaluate ATC Facility Maintenance Program | F25: 2.010 | G25: Évaluer le programme de maintenance des installations ATC
A26: 24 | D26: 2007 | E26: Conduct an Initial Control Tower Facility Site Validation /Preconstruction Assessment | F26: 2.011 | G26: Effectuer une évaluation initiale de la validation / de la construction sur le site de la tour de contrôle
A27: 25 | D27: 2007 | E27: Evaluate Control Tower Facility Minimum Equipment List | F27: 2.012 | G27: Évaluer la liste d'équipement minimal des installations de la tour de contrôle
A28: 26 | D28: 2007 | E28: Evaluate Area/Approach Control Facility Minimum Equipment List | F28: 2.013 | G28: Évaluer la liste d'équipement minimal de l'installation de contrôle de zone / approche
... A55: 53 | D55: 2007 | E55: Evaluate ATS Message Handling Program | F55: 2.040 | G55: Évaluation du programme de traitement des messages ATS
A56: 54 | C56: Procedure Design Organization - Certification | D56: 2107 | E56: Certificate/Approve a PDO | F56: 2.101 | G56: Certificat / Approuver un PDO
A57: 55 | D57: 2107 | E57: Evaluate a PDO Facilities and Equipment | F57: 2.102 | G57: Évaluer un AOP Installations et équipements
A58: 56 | D58: 2107 | E58: Evaluate a PDO Operations Manual | F58: 2.103 | G58: Évaluer un manuel d'exploitation PDO
A59: 57 | D59: 2107 | E59: Evaluate a PDO Personnel Training and Checking Program | F59: 2.104 | G59: Évaluer un programme de formation et de contrôle du personnel des AOP
A60: 58 | D60: 2107 | E60: Evaluate the Chief Designers Qualification | F60: 2.105 | G60: Évaluer la qualification des concepteurs en chef
A61: 59 | D61: 2107 | E61: Evaluate PDO Document Management System | F61: 2.106 | G61: Évaluer le système de gestion de documents PDO
A62: 60 | D62: 2107 | E62: Evaluate PDO Record Keeping System | F62: 2.107 | G62: Évaluer le système de tenue des dossiers AOP
A63: 61 | D63: 2107 | E63: Evaluate Flight Procedure Validation Program | F63: 2.108 | G63: Évaluation du programme de validation des procédures de vol
A64: 62 | B64: Surveillance ATS | C64: Air Traffic Service Provider Surveillance | D64: 3007 | E64: Plan a Surveillance Work Program | F64: 3.001 | G64: Planifier un programme de travail de surveillance
A65: 63 | D65: 3007 | E65: Inspect ATS Provider Operations Manual | F65: 3.002 | G65: Inspectez le manuel d'exploitation du fournisseur ATS
A66: 64 | D66: 3007 | E66: Inspect Record Keeping System | F66: 3.003 | G66: Inspecter le système de tenue des dossiers
A67: 65 | D67: 3007 | E67: Inspect Fault and Defect Reporting System | F67: 3.004 | G67: Inspection du système de signalisation des anomalies et des défauts
A68: 66 | D68: 3007 | E68: Inspect ATS Facility Maintenance Program | F68: 3.005 | G68: Inspecter le programme de maintenance des installations ATS
A69: 67 | D69: 3007 | E69: Inspect Local Air Traffic Control Instructions Manual or Revision | F69: 3.006 | G69: Inspecter le manuel d'instructions du contrôle de la circulation aérienne local ou sa révision
A70: 68 | D70: 3007 | E70: Inspect Personnel Training Program | F70: 3.007 | G70: Inspecter le programme de formation du personnel
A71: 69 | D71: 3007 | E71: Inspect an Aerodrome Control Tower | F71: 3.008 | G71: Inspecter une tour de contrôle d'aérodrome
A72: 70 | D72: 3007 | E72: Inspect an Approach/Area Control Centre | F72: 3.009 | G72: Inspecter un centre de contrôle d'approche / zone
A73: 71 | D73: 3007 | E73: Inspect a Rescue Sub Centre/Rescue Coordination Centre | F73: 3.010 | G73: Inspecter un centre secondaire de sauvetage / centre de coordination de sauvetage
A74: 72 | D74: 3007 | E74: Inspect a Flight Communication Centre | F74: 3.011 | G74: Inspecter un centre de communication de vol
A75: 73 | D75: 3007 | E75: Inspect Security Plan | F75: 3.012 | G75: Inspecter le plan de sécurité
A76: 74 | D76: 3007 | E76: Inspect Fatigue Management Program | F76: 3.013 | G76: Inspectez le programme de gestion de la fatigue
... A89: 87 | D89: 3007 | E89: Inspect PDO Facilities | F89: 3.026 | G89: Inspecter les installations AOP
A90: 88 | B90: Personnel Licence ATS | C90: Personnel Licensing Procedures - ATS | D90: 4007 | E90: Conduct Written Test for Personnel Licensing | F90: 4.001 | G90: Effectuer un test écrit pour les licences du personnel
A91: 89 | D91: 4007 | E91: Issue a Student ATC Certificate | F91: 4.002 | G91: Délivrer un certificat ATC étudiant
A92: 90 | D92: 4007 | E92: Certificate an Air Traffic Controller | F92: 4.003 | G92: Certificat d'un contrôleur de la circulation aérienne
A93: 91 | D93: 4007 | E93: Renew an ATC Certificate | F93: 4.008 | G93: Renouveler un certificat ATC
A94: 92 | D94: 4007 | E94: Issue additional Rating | F94: 4.009 | G94: Émettre une note supplémentaire
A95: 93 | D95: 4007 | E95: Issue a Replacement ATC Certificate | F95: 4.013 | G95: Émettre un certificat ATC de remplacement
A96: 94 | D96: 4007 | E96: Conduct a Special Medical Practical Test | F96: 4.017 | G96: Effectuer un test pratique médical spécial
A97: 95 | D97: 4007 | E97: Surveillance of an ATC Instructor | F97: 4.018 | G97: Surveillance d'un instructeur ATC
A98: 96 | D98: 4007 | E98: Inspect an ATC Instructor Refresher Course | F98: 4.019 | G98: Inspecter un cours de remise à niveau d'instructeur ATC
A99: 97 | D99: 4007 | E99: Issue a License Endorsement | F99: 4.020 | G99: Délivrer un avenant de licence
A100: 98 | D100: 4007 | E100: Issue an Additional Unit Endorsement | F100: 4.021 | G100: Émettre un avenant d'unité supplémentaire
A101: 99 | D101: 4007 | E101: Issue an Additional Rating Endorsement | F101: 4.022 | G101: Émettre un avenant de classement supplémentaire
A102: 100 | C102: Designated Examiner Procedures - ATS | D102: 4207 | E102: Designate or Renew an ATC Examiner | F102: 4.201 | G102: Désigner ou renouveler un examinateur ATC
A103: 101 | D103: 4207 | E103: Inspect a Designated ATC Examiner | F103: 4.204 | G103: Inspecter un examinateur ATC désigné
A104: 102 | D104: 4207 | E104: Inspect an ATC Examiner Training Course | F104: 4.205 | G104: Inspecter un cours de formation d’examinateur ATC
A105: 103 | D105: 4207 | E105: Inspect a Training Center Designated Examiner | F105: 4.208 | G105: Inspecter un examinateur désigné du centre de formation
A106: 104 | C106: Aviation Training Organizations - ATS | D106: 4507 | E106: Conduct Certification or Renewal of Training Center | F106: 4.501 | G106: Certification ou renouvellement du centre de formation
A107: 105 | D107: 4507 | E107: Inspect Personnel, Facilities and Equipment of a Training Center (ATC) | F107: 4.502 | G107: Inspecter le personnel, les installations et l'équipement d'un centre de formation (ATC)
A108: 106 | D108: 4507 | E108: Inspect Training Center Personnel and Qualifications(ATC) | F108: 4.503 | G108: Inspecter le personnel et les qualifications du centre de formation (ATC)
A109: 107 | D109: 4507 | E109: Inspect Training Center Personnel Records (ATC) | F109: 4.504 | G109: Inspecter les dossiers du personnel du centre de formation (ATC)
A110: 108 | D110: 4507 | E110: Inspect a Training Center Designated Examiner | F110: 4.505 | G110: Inspecter un examinateur désigné du centre de formation
A111: 109 | D111: 4507 | E111: Designate or Inspect a Training Center Evaluator | F111: 4.506 | G111: Désigner ou inspecter un évaluateur de centre de formation
A112: 110 | D112: 4507 | E112: Conduct a Knowledge Test, Practical Test, Stage Check or End-of-Course Test to Students of a Training Center | F112: 4.507 | G112: Effectuer un test de connaissances, un test pratique, une vérification d'étape ou un test de fin de cours auprès des étudiants d'un centre de formation
A113: 111 | D113: 4507 | E113: Inspect Student Records at a Training Center | F113: 4.508 | G113: Inspecter les dossiers des étudiants dans un centre de formation
A114: 112 | D114: 4507 | E114: Inspect a Certified ATC Instructor Refresher Course | F114: 4.509 | G114: Inspecter un cours de recyclage d'instructeur certifié ATC
A115: 113 | D115: 4507 | E115: Inspect Training Center Simulator | F115: 4.510 | G115: Inspecter le simulateur du centre de formation
A116: 114 | D116: 4507 | E116: Inspect a Computer Testing Center | F116: 4.511 | G116: Inspecter un centre de test informatique
A117: 115 | D117: 4507 | E117: Approve a Training Center Training Program Curriculum | F117: 4.512 | G117: Approuver un programme de formation de centre de formation
A118: 116 | D118: 4507 | E118: Evaluate Training Center Safety Procedures | F118: 4.513 | G118: Évaluer les procédures de sécurité du centre de formation
... A124: 122 | D124: 4507 | E124: Withdrawal, Suspension, Revocation, Denial, or Amendment of Training Center Training Specifications | F124: 4.520 | G124: Retrait, suspension, révocation, refus, ou modification des spécifications de formation du centre de formation
A125: 123 | B125: Investigation ATS | C125: Compliance and Enforcement | D125: 5001 | E125: Conduct an Enforcement Investigation | F125: 5.001 | G125: Mener une enquête sur l'application de la loi
A126: 124 | D126: 5001 | E126: Investigate Non-Compliance in Accordance with Self-Disclosure | F126: 5.002 | G126: Enquêter sur la non-conformité conformément à la divulgation volontaire
A127: 125 | D127: 5001 | E127: Provide Technical Assistance to Legal Counsel | F127: 5.003 | G127: Fournir une assistance technique au conseiller juridique
A128: 126 | D128: 5001 | E128: Investigate a Complaint | F128: 5.004 | G128: Enquêter sur une plainte
A129: 127 | D129: 5001 | E129: Suspension, Revocation of an ATS or PDO SP Certificate | F129: 5.006 | G129: Suspension, révocation d'un certificat ATS ou PDO SP
A130: 128 | D130: 5001 | E130: Investigate an Operational Incident Deviation | F130: 5.009 | G130: Enquêter sur un écart d'incident opérationnel
A131: 129 | C131: Aircraft Accident Investigation | D131: 5501 | E131: Investigate an Aircraft Accident | F131: 5.501 | G131: Enquêter sur un accident d'avion
A132: 130 | D132: 5501 | E132: Investigate an Aircraft Incident | F132: 5.502 | G132: Enquêter sur un incident d'avion
A133: 131 | D133: 5501 | E133: Investigate an Occurrence | F133: 5.503 | G133: Enquêter sur un événement
A134: 132 | D134: 5501 | E134: Testifying in an accident/incident investigation exercise | F134: 5.504 | G134: Témoigner dans un exercice d'enquête d'accident / incident
A135: 133 | B135: Job Skills ATS | C135: Aviation Safety Program Manager - ATS | D135: 6507 | E135: Develop an Annual Aviation Safety Prgm Plan | F135: 6.501 | G135: Élaborer un plan annuel de gestion de la sécurité aérienne
A136: 134 | D136: 6507 | E136: Manage Safety Meetings, Events and Activities | F136: 6.502 | G136: Gérer des réunions, des événements et des activités de sécurité
A137: 135 | D137: 6507 | E137: Appoint an Aviation Safety Counselor | F137: 6.503 | G137: Nommer un conseiller en sécurité aérienne
A138: 136 | D138: 6507 | E138: Issue an Aviation Safety Award | F138: 6.504 | G138: Émettre un prix de la sécurité aérienne
A139: 137 | D139: 6507 | E139: Evaluate Accident or Incident Reports for Trends | F139: 6.505 | G139: Évaluer les rapports d'accident ou d'incident pour les tendances
A140: 138 | D140: 6507 | E140: Process a Flight Assistance | F140: 6.506 | G140: Traiter une assistance de vol
A141: 139 | D141: 6507 | E141: Counsel an Airman | F141: 6.507 | G141: Conseiller un aviateur
A142: 140 | D142: 6507 | E142: Process a Remedial Training Action | F142: 6.508 | G142: Traiter une action de formation de rattrapage
A143: 141 | D143: 6507 | E143: Issue Waiver or Authorization for an Aviation Event | F143: 6.509 | G143: Dérogation ou autorisation pour un événement aéronautique
...

Sheet ANT
A1: Aeronautical Telecommunication Service (ANT)
A2: =OPS!A2 -> SN | B2: =OPS!B2 -> Domain | C2: =OPS!C2 -> Category | D2: =OPS!D2 -> Course Number | E2: =OPS!E2 -> Job Task Name | F2: =OPS!F2 -> Job Task #
A3: 1 | B3: Indoctrination ANT | C3: New Employee Orientation - AEROTEL | D3: 1001 | E3: Employee Benefits | F3: 1.001 | G3: Avantages sociaux
A4: 2 | D4: 1001 | E4: Time and Attendance | F4: 1.002 | G4: Temps et présence
A5: 3 | D5: 1001 | E5: Employee Training and Development | F5: 1.003 | G5: Formation et perfectionnement des employés
A6: 4 | D6: 1001 | E6: Office Communications | F6: 1.004 | G6: Communications de bureau
A7: 5 | D7: 1001 | E7: Computer Systems | F7: 1.005 | G7: Systèmes informatiques
A8: 6 | D8: 1001 | E8: Managing Resources | F8: 1.006 | G8: Gestion des ressources
A9: 7 | D9: 1001 | E9: Employee Ethics | F9: 1.007 | G9: Ethique des employés
A10: 8 | D10: 1001 | E10: Labor Unions | F10: 1.008 | G10: Syndicats
A11: 9 | D11: 1001 | E11: Conduct and Discipline | F11: 1.009 | G11: Conduite et discipline
A12: 10 | D12: 1001 | E12: Travel | F12: 1.010 | G12: Voyage
A13: 11 | D13: 1001 | E13: Security | F13: 1.011 | G13: Sécurité
A14: 12 | D14: 1001 | E14: Legal and Regulatory Documents, Inspector Manuals and Guidance Materials. | F14: 1.012 | G14: Documents juridiques et réglementaires, manuels de l'inspecteur et documents d'orientation.
A15: 13 | D15: 1001 | E15: Aviation Environment | F15: 1.013 | G15: Environnement aéronautique
A16: 14 | B16: Certification ANT | C16: AEROTEL Service Provider Certification | D16: 2006 | E16: Cert Phase I: Pre-application Phase | F16: 2.001 | G16: Cert Phase I: Phase de pré-application
A17: 15 | D17: 2006 | E17: Cert Phase II: Formal Application Phase | F17: 2.002 | G17: Cert Phase II: Phase d'application formelle
A18: 16 | D18: 2006 | E18: Cert Phase III: Document Evaluation Phase | F18: 2.003 | G18: Cert Phase III: Phase d'évaluation du document
A19: 17 | D19: 2006 | E19: Cert Phase IV: Demonstration and Inspection Phase | F19: 2.004 | G19: Cert Phase IV: Phase de démonstration et d'inspection
A20: 18 | D20: 2006 | E20: Cert Phase V: Certification Phase | F20: 2.005 | G20: Cert Phase V: Phase de certification
A21: 19 | D21: 2006 | E21: Evaluate an Operations Manual | F21: 2.006 | G21: Évaluer un manuel d'exploitation
A22: 20 | D22: 2006 | E22: Approve a Test Equipment List | F22: 2.007 | G22: Approuver une liste d'équipement de test
A23: 21 | D23: 2006 | E23: Evaluate Operations and Maintenance Plan | F23: 2.008 | G23: Évaluer les opérations et le plan de maintenance
A24: 22 | D24: 2006 | E24: Evaluate a Document Management System | F24: 2.009 | G24: Évaluer un système de gestion de documents
A25: 23 | D25: 2006 | E25: Evaluate Configuration Recording and Control Process | F25: 2.010 | G25: Évaluer l'enregistrement de la configuration et le processus de contrôle
A26: 24 | D26: 2006 | E26: Evaluate the control process for the design of a new facility or modification to existing facility or service | F26: 2.011 | G26: Évaluer le processus de contrôle pour la conception d'une nouvelle installation ou la modification d'une installation ou d'un service existant
A27: 25 | D27: 2006 | E27: Evaluate Performance Analysis Program | F27: 2.012 | G27: Évaluer le programme d'analyse du rendement
A28: 26 | D28: 2006 | E28: Evaluate Fault and Defect Reporting Procedure | F28: 2.013 | G28: Évaluation de la procédure de compte rendu des fautes et des défauts
... A55: 53 | D55: 2006 | E55: Evaluate a Surveillance Facility (PSR,SSR,SMR,ADS-A,ADS-B) Ground Test Program | F55: 2.040 | G55: Évaluation d'un programme d'essais au sol d'une installation de surveillance (PSR, SSR, SMR, ADS-A, ADS-B)
A56: 54 | C56: Facility Certification/Approval | D56: 2106 | E56: Certificate an Aeronautical Ground / Satellite based communication Facility | F56: 2.101 | G56: Certificat d'installation de communication aéronautique sol / satellite
A57: 55 | D57: 2106 | E57: Certificate a Ground /Satellite Based Navigation Facility | F57: 2.102 | G57: Certificat d'une installation de navigation terrestre / satellite
A58: 56 | D58: 2106 | E58: Certificate a Surveillance Facility | F58: 2.103 | G58: Certificat d'un établissement de surveillance
A59: 57 | D59: 2106 | E59: Evaluate Facility Operations Manual | F59: 2.104 | G59: Évaluer le manuel d'exploitation de l'installation
A60: 58 | D60: 2106 | E60: Evaluate Operations/Mtce Personnel Training Program | F60: 2.105 | G60: Évaluation des opérations / programme de formation du personnel de Mtce
A61: 59 | B61: Surveillance ANT | C61: AEROTEL Service Provider Surveillance | D61: 3006 | E61: Plan a Surveillance Work Program | F61: 3.001 | G61: Planifier un programme de travail de surveillance
A62: 60 | D62: 3006 | E62: Conduct an ILS Facility Inspection | F62: 3.002 | G62: Effectuer une inspection des installations ILS
A63: 61 | D63: 3006 | E63: Conduct an NDB Facility Inspection | F63: 3.003 | G63: Effectuer une inspection des installations de la NDB
A64: 62 | D64: 3006 | E64: Conduct an VOR Facility Inspection | F64: 3.004 | G64: Effectuer une inspection des installations VOR
A65: 63 | D65: 3006 | E65: Conduct an DME Facility Inspection | F65: 3.005 | G65: Effectuer une inspection des installations de DME
A66: 64 | D66: 3006 | E66: Conduct a Radar Facility Inspection | F66: 3.006 | G66: Effectuer une inspection des installations radar
A67: 65 | D67: 3006 | E67: Conduct a Satellite Based navigation Facility Inspection | F67: 3.007 | G67: Effectuer une inspection des installations de navigation par satellite
A68: 66 | D68: 3006 | E68: Inspect an Instrument Flight Procedure Flight Test | F68: 3.008 | G68: Inspecter un test en vol de procédure en vol aux instruments
A69: 67 | D69: 3006 | E69: Inspect Facility Reliability Program | F69: 3.009 | G69: Programme de fiabilité des installations d'inspection
A70: 68 | D70: 3006 | E70: Inspect Facility Availability Program | F70: 3.010 | G70: Inspecter le programme de disponibilité des installations
A71: 69 | D71: 3006 | E71: Inspect Operations Manual | F71: 3.011 | G71: Inspecter le manuel d'exploitation
A72: 70 | D72: 3006 | E72: Inspect a Direction Finding Station | F72: 3.012 | G72: Inspecter une station de recherche de direction
A73: 71 | D73: 3006 | E73: Inspect an Aeronautical Mobile Service Station | F73: 3.013 | G73: Inspecter une station de service aéronautique mobile
... A103: 101 | D103: 3006 | E103: Inspect ATSEP Licenses and Ratings | F103: 3.043 | G103: Inspecter les licences et les cotes ATSEP
A104: 102 | B104: Personnel Licence ANT | C104: Personnel Licensing Procedures - AEROTEL | D104: 4006 | E104: Conduct Written Test for Personnel Licensing | F104: 4.001 | G104: Effectuer un test écrit pour les licences du personnel
A105: 103 | D105: 4006 | E105: Certificate an ATSEP | F105: 4.002 | G105: Certificat d'un ATSEP
A106: 104 | D106: 4006 | E106: Certificate a Technical Flight Inspector | F106: 4.003 | G106: Certificat d'inspecteur technique de vol
A107: 105 | D107: 4006 | E107: Certificate an SMC ATSEP | F107: 4.004 | G107: Certificat d'un SMC ATSEP
A108: 106 | D108: 4006 | E108: Certificate an ATSEP Instructor | F108: 4.005 | G108: Certificat d'un instructeur ATSEP
A109: 107 | D109: 4006 | E109: Certificate an Engineering /Installation ATSEP | F109: 4.006 | G109: Certificat d'ingénierie / installation ATSEP
A110: 108 | D110: 4006 | E110: Issue an Additional Rating | F110: 4.007 | G110: Émettre une note supplémentaire
A111: 109 | D111: 4006 | E111: Conduct a Reexamination Test of a Technician | F111: 4.008 | G111: Effectuer un test de réexamen d'un technicien
A112: 110 | C112: Designated Examiner Procedures - AEROTEL | D112: 4206 | E112: Designate or inspect an ATSEP Examiner | F112: 4.201 | G112: Désigner ou inspecter un examinateur ATSEP
A113: 111 | D113: 4206 | E113: Designate or inspect a Technical Flight Inspector | F113: 4.202 | G113: Désigner ou inspecter un inspecteur technique de vol
A114: 112 | D114: 4206 | E114: Designate or inspect an SMC ATSEP | F114: 4.203 | G114: Désigner ou inspecter un SMC ATSEP
A115: 113 | D115: 4206 | E115: Designate or inspect an Engineering /Installation ATSEP | F115: 4.204 | G115: Désigner ou inspecter un ATSEP d'ingénierie / installation
A116: 114 | C116: Aviation Training Organizations Aeronautical Telecommunication | D116: 4506 | E116: Conduct Certification or Renewal of a Training Centre | F116: 4.501 | G116: Certification ou renouvellement d'un centre de formation
A117: 115 | D117: 4506 | E117: Inspect Training Personnel | F117: 4.502 | G117: Inspecter le personnel de formation
A118: 116 | D118: 4506 | E118: Inspect Facilities and Equipment | F118: 4.503 | G118: Inspecter les installations et l'équipement
A119: 117 | D119: 4506 | E119: Inspect Training Records | F119: 4.504 | G119: Inspecter les dossiers de formation
A120: 118 | D120: 4506 | E120: Inspect Quality System | F120: 4.505 | G120: Inspection du système qualité
A121: 119 | D121: 4506 | E121: Approve a Training Center Training Program Curriculum | F121: 4.512 | G121: Approuver un programme de formation de centre de formation
A122: 120 | D122: 4506 | E122: Evaluate a Training Center Lease or Contract | F122: 4.514 | G122: Évaluer un contrat de location ou un contrat de centre de formation
A123: 121 | D123: 4506 | E123: Withdrawal suspension Revocation Denial or Amendment of Training Centre Training Specification | F123: 4.520 | G123: Retrait Suspension Révocation Refus ou modification de la spécification de formation du centre de formation
A124: 122 | B124: Investigation ANT | C124: Compliance and Enforcement | D124: 5001 | E124: Conduct an Enforcement Investigation | F124: 5.001 | G124: Mener une enquête sur l'application de la loi
A125: 123 | D125: 5001 | E125: Investigate Non-Compliance in Accordance with Self-Disclosure | F125: 5.002 | G125: Enquêter sur la non-conformité conformément à la divulgation volontaire
A126: 124 | D126: 5001 | E126: Provide Technical Assistance to Legal Counsel | F126: 5.003 | G126: Fournir une assistance technique au conseiller juridique
A127: 125 | D127: 5001 | E127: Investigate a Complaint | F127: 5.004 | G127: Enquêter sur une plainte
A128: 126 | D128: 5001 | E128: Suspension, Revocation of an AEROTEL SP Certificate | F128: 5.006 | G128: Suspension et révocation d'un certificat AEROTEL SP
A129: 127 | D129: 5001 | E129: Investigate failure or Irregular Operations of AEROTEL Facility | F129: 5.009 | G129: Enquêter sur les défaillances ou les opérations irrégulières de l'installation AEROTEL
A130: 128 | C130: Aircraft Accident Investigation | D130: 5501 | E130: Investigate an Aircraft Accident | F130: 5.501 | G130: Enquêter sur un accident d'avion
A131: 129 | D131: 5501 | E131: Investigate an Aircraft Incident | F131: 5.502 | G131: Enquêter sur un incident d'avion
A132: 130 | D132: 5501 | E132: Investigate an Occurrence | F132: 5.503 | G132: Enquêter sur un événement
A133: 131 | D133: 5501 | E133: Testifying in an accident/incident investigation exercise | F133: 5.504 | G133: Témoigner dans un exercice d'enquête d'accident / incident
A134: 132 | B134: Job Skills ANT | C134: Major Repair and Alteration | D134: 6206 | E134: Approval of Major Repairs and Major Alterations | F134: 6.201 | G134: Approbation des réparations majeures et des modifications majeures
A135: 133 | D135: 6206 | E135: Revalidation of Major Repairs and Major Alterations | F135: 6.202 | G135: Revalidation de réparations majeures et de modifications majeures
A136: 134 | C136: Aviation Safety Program Manager - AEROTEL | D136: 6506 | E136: Develop an Annual Aviation Safety Prgm Plan | F136: 6.501 | G136: Élaborer un plan annuel de gestion de la sécurité aérienne
A137: 135 | D137: 6506 | E137: Manage Safety Meetings, Events and Activities | F137: 6.502 | G137: Gérer des réunions, des événements et des activités de sécurité
A138: 136 | D138: 6506 | E138: Appoint an Aviation Safety Counselor | F138: 6.503 | G138: Nommer un conseiller en sécurité aérienne
A139: 137 | D139: 6506 | E139: Issue an Aviation Safety Award | F139: 6.504 | G139: Émettre un prix de la sécurité aérienne
A140: 138 | D140: 6506 | E140: Evaluate Accident or Incident Reports for Trends | F140: 6.505 | G140: Évaluer les rapports d'accident ou d'incident pour les tendances
A141: 139 | D141: 6506 | E141: Process a Flight Assist Report | F141: 6.506 | G141: Traiter un rapport d'assistance de vol
A142: 140 | D142: 6506 | E142: Counsel an Airman | F142: 6.507 | G142: Conseiller un aviateur
A143: 141 | D143: 6506 | E143: Process a Remedial Training Action | F143: 6.508 | G143: Traiter une action de formation de rattrapage
A144: 142 | C144: Aeronautical Studies and Risk Assessment | D144: 6602 | E144: Process a Request Aviation Height Clearance Certificate | F144: 6.601 | G144: Traiter une demande de certificat d'autorisation en hauteur
A145: 143 | D145: 6602 | E145: Conduct Obstruction Evaluation | F145: 6.602 | G145: Évaluation de l'obstruction
A146: 144 | D146: 6602 | E146: Evaluate and Approve an Aeronautical Study Report | F146: 6.604 | G146: Évaluer et approuver un rapport d'étude aéronautique
A147: 145 | C147: Safety Management Systems | D147: 6701 | E147: Approve a Safety Management System | F147: 6.701 | G147: Approuver un système de gestion de la sécurité
A148: 146 | D148: 6701 | E148: Inspect a Safety Management System | F148: 6.702 | G148: Inspecter un système de gestion de la sécurité
A149: 147 | D149: 6701 | E149: Conduct a Safety Management System Evaluation | F149: 6.703 | G149: Effectuer une évaluation du système de gestion de la sécurité
A150: 148 | B150: RNAV & Surveillance Services ANT | C150: Radio Navigation | D150: 7006 | E150: Evaluate a Radio Navigation Facility Operations Manual | F150: 7.001 | G150: Évaluer un manuel d'exploitation d'une installation de radionavigation
A151: 149 | D151: 7006 | E151: Evaluate a Radio Navigation Facility Site Validation | F151: 7.002 | G151: Évaluer la validation d'un site d'installation de radionavigation
A152: 150 | D152: 7006 | E152: Evaluate/Inspect a Radio Navigation Facility Ground Test | F152: 7.003 | G152: Évaluer / inspecter un test au sol d'une installation de radionavigation
A153: 151 | D153: 7006 | E153: Evaluate/Inspect a Radio navigation Facility Flight Test | F153: 7.004 | G153: Évaluer / inspecter un test en vol d'une installation de radionavigation
A154: 152 | D154: 7006 | E154: Evaluate Radio Navigation Facility Power Supply | F154: 7.005 | G154: Évaluer l'alimentation électrique de l'installation de radionavigation
A155: 153 | D155: 7006 | E155: Evaluate a Radio Navigation Facility Frequency Assignment Request | F155: 7.006 | G155: Évaluation d'une demande d'assignation de fréquence pour une installation de radionavigation
...

Sheet AIS
A1: Aeronautical Information Service (AIS)
A2: =OPS!A2 -> SN | B2: =OPS!B2 -> Domain | C2: =OPS!C2 -> Category | D2: =OPS!D2 -> Course Number | E2: =OPS!E2 -> Job Task Name | F2: =OPS!F2 -> Job Task #
A3: 1 | B3: Indoctrination AIS | C3: New Employee Orientation - AIM | D3: 1001 | E3: Employee Benefits | F3: 1.001 | G3: Avantages sociaux
A4: 2 | D4: 1001 | E4: Time and Attendance | F4: 1.002 | G4: Temps et présence
A5: 3 | D5: 1001 | E5: Employee Training and Development | F5: 1.003 | G5: Formation et perfectionnement des employés
A6: 4 | D6: 1001 | E6: Office Communications | F6: 1.004 | G6: Communications de bureau
A7: 5 | D7: 1001 | E7: Computer Systems | F7: 1.005 | G7: Systèmes informatiques
A8: 6 | D8: 1001 | E8: Managing Resources | F8: 1.006 | G8: Gestion des ressources
A9: 7 | D9: 1001 | E9: Employee Ethics | F9: 1.007 | G9: Ethique des employés
A10: 8 | D10: 1001 | E10: Labor Unions | F10: 1.008 | G10: Syndicats
A11: 9 | D11: 1001 | E11: Conduct and Discipline | F11: 1.009 | G11: Conduite et discipline
A12: 10 | D12: 1001 | E12: Travel | F12: 1.010 | G12: Voyage
A13: 11 | D13: 1001 | E13: Security | F13: 1.011 | G13: Sécurité
A14: 12 | D14: 1001 | E14: Legal and Regulatory Documents, Inspector Manuals and Guidance Materials. | F14: 1.012 | G14: Documents juridiques et réglementaires, manuels de l'inspecteur et documents d'orientation.
A15: 13 | D15: 1001 | E15: Aviation Environment | F15: 1.013 | G15: Environnement aéronautique
A16: 14 | B16: Certification AIS | C16: Aeronautical Information Service Provider Certification | D16: 2004 | E16: Cert Phase I: Pre-application Phase | F16: 2.001 | G16: Cert Phase I: Phase de pré-application
A17: 15 | D17: 2004 | E17: Cert Phase II: Formal Application Phase | F17: 2.002 | G17: Cert Phase II: Phase d'application formelle
A18: 16 | D18: 2004 | E18: Cert Phase III: Document Evaluation Phase | F18: 2.003 | G18: Cert Phase III: Phase d'évaluation du document
A19: 17 | D19: 2004 | E19: Cert Phase IV: Demonstration and Inspection Phase | F19: 2.004 | G19: Cert Phase IV: Phase de démonstration et d'inspection
A20: 18 | D20: 2004 | E20: Cert Phase V: Certification Phase | F20: 2.005 | G20: Cert Phase V: Phase de certification
A21: 19 | D21: 2004 | E21: Evaluate a AIS Provider Operations Manual | F21: 2.006 | G21: Évaluer un manuel d'exploitation du fournisseur AIS
A22: 20 | D22: 2004 | E22: Evaluate Record Keeping System | F22: 2.007 | G22: Évaluer le système de tenue des dossiers
A23: 21 | D23: 2004 | E23: Evaluate Document Management System | F23: 2.008 | G23: Évaluer le système de gestion de documents
A24: 22 | D24: 2004 | E24: Evaluate Fault and Defect Reporting System | F24: 2.009 | G24: Évaluer le système de signalisation des anomalies et des défauts
A25: 23 | D25: 2004 | E25: Evaluate Local AIS Operating Procedure Manual | F25: 2.010 | G25: Évaluer le manuel de procédures d'exploitation AIS local
A26: 24 | D26: 2004 | E26: Evaluate an AIS office Minimum Facilities and Equipment | F26: 2.011 | G26: Évaluer un bureau AIS Installations minimales et équipement
A27: 25 | D27: 2004 | E27: Evaluate Management Qualifications | F27: 2.012 | G27: Évaluer les qualifications de gestion
A28: 26 | D28: 2004 | E28: Evaluate Personnel Training and Checking Program | F28: 2.013 | G28: Évaluer le programme de formation et de vérification du personnel
... A57: 55 | D57: 2004 | E57: Evaluate Telecommunication Requirements of International NOTAM offices | F57: 2.044 | G57: Évaluer les besoins en télécommunications des bureaux NOTAM internationaux
A58: 56 | C58: Aeronautical Chart Provider Certification | D58: 2104 | E58: Certificate an ACP | F58: 2.101 | G58: Certificat d'un ACP
A59: 57 | D59: 2104 | E59: Evaluate ACP Facilities and Equipment | F59: 2.102 | G59: Évaluer les installations et l'équipement des pays ACP
A60: 58 | D60: 2104 | E60: Evaluate ACP Operations Manual | F60: 2.103 | G60: Évaluer le manuel d'exploitation du PVA
A61: 59 | D61: 2104 | E61: Evaluate a ACP Personnel Training and Checking Program | F61: 2.104 | G61: Évaluer un programme de formation et de contrôle du personnel des pays ACP
A62: 60 | D62: 2104 | E62: Evaluate the Chief Cartographer Qualification | F62: 2.105 | G62: Évaluer la qualification de cartographe en chef
A63: 61 | D63: 2104 | E63: Evaluate ACP Contingency Plan | F63: 2.106 | G63: Évaluer le plan d'urgence ACP
A64: 62 | D64: 2104 | E64: Evaluate ACP Record Keeping System | F64: 2.107 | G64: Évaluer le système de tenue des dossiers du PVA
A65: 63 | D65: 2104 | E65: Evaluate a ACP Quality System | F65: 2.108 | G65: Évaluer un système qualité ACP
A66: 64 | B66: Surveillance AIS | C66: Aeronautical Information Management Surveillance | D66: 3004 | E66: Plan a Surveillance Work Program | F66: 3.001 | G66: Planifier un programme de travail de surveillance
A67: 65 | D67: 3004 | E67: Inspect Operations Manual | F67: 3.002 | G67: Inspecter le manuel d'exploitation
A68: 66 | D68: 3004 | E68: Inspect Facility/Equipment | F68: 3.003 | G68: Inspecter l'installation / l'équipement
A69: 67 | D69: 3004 | E69: Inspect Personnel Training Program | F69: 3.004 | G69: Inspecter le programme de formation du personnel
A70: 68 | D70: 3004 | E70: Inspect briefing Material/Equipment/Office | F70: 3.005 | G70: Inspecter le briefing Matériel / Equipement / Bureau
A71: 69 | D71: 3004 | E71: Inspect AIM/MAP Officer (AIM/MAP Production Unit) Training Program | F71: 3.006 | G71: Inspecter le programme de formation des officiers AIM / MAP (Unité de production AIM / MAP)
A72: 70 | D72: 3004 | E72: Inspect AIM/MAP Officer (AIM/MAP Catographic Unit) Training Program | F72: 3.007 | G72: Inspecter le programme de formation des officiers AIM / MAP (Unité catographique AIM / MAP)
A73: 71 | D73: 3004 | E73: Inspect an AIP | F73: 3.008 | G73: Inspecter un AIP
A74: 72 | D74: 3004 | E74: Inspect an AIP Amendment or Supplement | F74: 3.009 | G74: Inspecter un amendement ou un supplément AIP
A75: 73 | D75: 3004 | E75: Inspect a NOTAM Publication | F75: 3.010 | G75: Inspecter une publication NOTAM
A76: 74 | D76: 3004 | E76: Conduct AIM Aerodrome Unit Inspection | F76: 3.011 | G76: Effectuer l'inspection des unités d'aérodrome AIM
A77: 75 | D77: 3004 | E77: Inspect International NOTAM Office | F77: 3.012 | G77: Inspection du bureau NOTAM international
A78: 76 | D78: 3004 | E78: Inspect AIM/MAP Database Unit | F78: 3.013 | G78: Inspecter la base de données AIM / MAP
... A83: 81 | D83: 3004 | E83: Inspect AIM/MAP Officer (AIM/MAP Database Unit) Training Program | F83: 3.018 | G83: Inspecter le programme de formation des agents AIM / MAP (unité de la base de données AIM / MAP)
A84: 82 | B84: Competence Assessment AIS | C84: Competence Assessment Procedures AIM | D84: 4004 | E84: Evaluate an AIM/MAP Officer Competence Assessment Scheme | F84: 4.001 | G84: Évaluer le système d'évaluation des compétences d'un agent AIM / MAP
A85: 83 | D85: 4004 | E85: Evaluate an AIM/MAP Aerodrome Unit Specialist Competence Assessment Scheme | F85: 4.002 | G85: Évaluer un système d'évaluation des compétences d'un spécialiste d'unité d'aérodrome AIM / MAP
A86: 84 | D86: 4004 | E86: Evaluate an AIM/MAP Database Specialist Competence Assessment Scheme | F86: 4.003 | G86: Évaluer un système d'évaluation des compétences des spécialistes de la base de données AIM / MAP
A87: 85 | D87: 4004 | E87: Evaluate an International NOF Specialist Competence Assessment Scheme | F87: 4.004 | G87: Évaluer un système international d'évaluation des compétences des spécialistes NOF
A88: 86 | D88: 4004 | E88: Evaluate an AIM/MAP Production Specialist Competence Assessment Scheme | F88: 4.005 | G88: Évaluer un système d'évaluation des compétences de spécialiste de la production AIM / MAP
A89: 87 | D89: 4004 | E89: Evaluate an Aeronautical Cartography Specialist Competence Assessment Scheme | F89: 4.006 | G89: Évaluer un système d'évaluation des compétences des spécialistes de la cartographie aéronautique
A90: 88 | C90: Designated Assessors Procedures - AIM | D90: 4204 | E90: Inspect a Designated AIM/MAP Officer Assessor | F90: 4.201 | G90: Inspecter un évaluateur désigné de l'agent AIM / MAP
A91: 89 | D91: 4204 | E91: Inspect a Designated AIM/MAP Aerodrome Unit Specialist Assessor | F91: 4.202 | G91: Inspecter un évaluateur spécialiste d'unité d'aérodrome AIM / MAP désigné
A92: 90 | D92: 4204 | E92: Inspect a Designated AIM/MAP Database Specialist Assessor | F92: 4.203 | G92: Inspecter un évaluateur spécialiste de la base de données AIM / MAP désigné
A93: 91 | D93: 4204 | E93: Inspect a Designated International NOF Specialist Assessor | F93: 4.204 | G93: Inspecter un évaluateur spécialiste international NOF désigné
A94: 92 | D94: 4204 | E94: Inspect a Designated AIM/MAP Production Specialist Assessor | F94: 4.205 | G94: Inspecter un évaluateur spécialiste de la production AIM / MAP désigné
A95: 93 | D95: 4204 | E95: Inspect a Designated Aeronautical Cartography Specialist Assessor | F95: 4.206 | G95: Inspecter un évaluateur désigné spécialiste de la cartographie aéronautique
A96: 94 | C96: Aviation Training Organizations - AIM | D96: 4504 | E96: Approval of a Training Center or renewal | F96: 4.501 | G96: Approbation d'un centre de formation ou de renouvellement
A97: 95 | D97: 4504 | E97: Inspect Training Personnel | F97: 4.502 | G97: Inspecter le personnel de formation
A98: 96 | D98: 4504 | E98: Inspect Facilities Equipment | F98: 4.503 | G98: Inspecter l'équipement des installations
A99: 97 | D99: 4504 | E99: Inspect Training Records | F99: 4.504 | G99: Inspecter les dossiers de formation
A100: 98 | D100: 4504 | E100: Inspect Quality System | F100: 4.505 | G100: Inspection du système qualité
A101: 99 | D101: 4504 | E101: Approve a Training Center Training Program Curriculum | F101: 4.511 | G101: Approuver un programme de formation de centre de formation
A102: 100 | D102: 4504 | E102: Evaluate a Training Center Lease or Contract | F102: 4.514 | G102: Évaluer un contrat de location ou un contrat de centre de formation
A103: 101 | B103: Investigation AIS | C103: Compliance and Enforcement | D103: 5001 | E103: Conduct an Enforcement Investigation | F103: 5.001 | G103: Mener une enquête sur l'application de la loi
A104: 102 | D104: 5001 | E104: Investigate Non-Compliance in Accordance with Self-Disclosure | F104: 5.002 | G104: Enquêter sur la non-conformité conformément à la divulgation volontaire
A105: 103 | D105: 5001 | E105: Provide Technical Assistance to Legal Counsel | F105: 5.003 | G105: Fournir une assistance technique au conseiller juridique
A106: 104 | D106: 5001 | E106: Investigate a Complaint | F106: 5.004 | G106: Enquêter sur une plainte
A107: 105 | D107: 5001 | E107: Suspension, Revocation of an AIM Provider Certificate | F107: 5.006 | G107: Suspension et révocation d'un certificat de fournisseur AIM
A108: 106 | C108: Aircraft Accident Investigation | D108: 5501 | E108: Investigate an Aircraft Accident | F108: 5.501 | G108: Enquêter sur un accident d'avion
A109: 107 | D109: 5501 | E109: Investigate an Aircraft Incident | F109: 5.502 | G109: Enquêter sur un incident d'avion
A110: 108 | D110: 5501 | E110: Investigate an Occurrence | F110: 5.503 | G110: Enquêter sur un événement
A111: 109 | D111: 5501 | E111: Testifying in an accident/incident investigation exercise | F111: 5.504 | G111: Témoigner dans un exercice d'enquête d'accident / incident
A112: 110 | B112: Job Skills AIS | C112: Quality Management Systems | D112: 6104 | E112: Evaluate and Approve a Quality Management Manual | F112: 6.101 | G112: Évaluer et approuver un manuel de gestion de la qualité
A113: 111 | D113: 6104 | E113: Evaluate Internal Quality Audit Program | F113: 6.102 | G113: Évaluer le programme d'audit de la qualité interne
A114: 112 | D114: 6104 | E114: Evaluate Quality Management Personnel Training Program | F114: 6.103 | G114: Évaluer le programme de formation du personnel en gestion de la qualité
A115: 113 | D115: 6104 | E115: Evaluate Quality Control Program | F115: 6.104 | G115: Évaluer le programme de contrôle de la qualité
A116: 114 | D116: 6104 | E116: Evaluate Third Party Quality Management Program | F116: 6.105 | G116: Évaluer le programme de gestion de la qualité par une tierce partie
A117: 115 | C117: Aviation Safety Program Manager AIM | D117: 6504 | E117: Develop an Annual District Aviation Safety Prgm Plan | F117: 6.501 | G117: Élaborer un plan annuel de planification de sécurité aérienne dans le district
A118: 116 | D118: 6504 | E118: Manage Safety Meetings, Events and Activities | F118: 6.502 | G118: Gérer des réunions, des événements et des activités de sécurité
A119: 117 | D119: 6504 | E119: Appoint an Aviation Safety Counselor | F119: 6.503 | G119: Nommer un conseiller en sécurité aérienne
A120: 118 | D120: 6504 | E120: Issue an Aviation Safety Award | F120: 6.504 | G120: Émettre un prix de la sécurité aérienne
A121: 119 | D121: 6504 | E121: Evaluate Accident or Incident Reports for Trends | F121: 6.505 | G121: Évaluer les rapports d'accident ou d'incident pour les tendances
A122: 120 | D122: 6504 | E122: Process a Remedial Training Action | F122: 6.508 | G122: Traiter une action de formation de rattrapage
A123: 121 | C123: Safety Management Systems | D123: 6701 | E123: Approve a Safety Management System | F123: 6.701 | G123: Approuver un système de gestion de la sécurité
A124: 122 | D124: 6701 | E124: Inspect a Safety Management System | F124: 6.702 | G124: Inspecter un système de gestion de la sécurité
A125: 123 | C125: Data Originator Organization (DOO) Approval | D125: 6904 | E125: Evaluate and Approve Operations Manual | F125: 6.901 | G125: Évaluer et approuver le manuel d'exploitation
A126: 124 | D126: 6904 | E126: Inspect Facilities and Equipment | F126: 6.902 | G126: Inspecter les installations et l'équipement
A127: 125 | D127: 6904 | E127: Evaluate Chief Surveyors Qualifications | F127: 6.903 | G127: Évaluer les qualifications des inspecteurs en chef
A128: 126 | D128: 6904 | E128: Evaluate Survey Equipment Calibration Program | F128: 6.904 | G128: Évaluer le programme d'étalonnage de l'équipement d'arpentage
A129: 127 | D129: 6904 | E129: Evaluate Service Level Agreement | F129: 6.905 | G129: Évaluer l'accord de niveau de service
A130: 128 | D130: 6904 | E130: Evaluate Terrain and Obstacles data Survey Report (Aero Data Int App A) | F130: 6.906 | G130: Évaluation des rapports de terrain et d'obstacles (Aero Data Int App A)
A131: 129 | D131: 6904 | E131: Evaluate Radio Navigation Aids Survey Report | F131: 6.907 | G131: Évaluation du rapport d'enquête sur les aides à la radionavigation
A132: 130 | D132: 6904 | E132: Evaluate Survey Data methodology and processing | F132: 6.908 | G132: Évaluer la méthodologie et le traitement des données d'enquête
...
